 Dungeon Crawl Stone Soup version 0.30-b1-2-g02819fbbbe (webtiles) character file.

Game seed: 6958191773380970489

2550293 Ntrails the Force of Nature (level 27, 400/400 HPs)
             Began as an Armataur Artificer on Oct 8, 2023.
             Was the Champion of Fedhas.
             Escaped with the Orb
             ... and 5 runes on Oct 22, 2023!
             The game lasted 09:41:53 (101873 turns).

Ntrails the Force of Nature (Armataur Artificer)  Turns: 101873, Time: 09:41:53

Health: 400/400    AC: 29    Str: 33    XL:     27
Magic:  44/44      EV:  6    Int: 20    God:    Fedhas [******]
Gold:   3941       SH: 41    Dex: 31    Spells: 22/38 levels left

rFire   + + +        Q - +4 consecrated labrys {holy, Valiant Fragile Fly SInv}
rCold   + + .        u - +18 shield of the Gong {Loud rN+ Will+ rCorr EV-5}
rNeg    + + .        y - +1 troll leather armour "Ligaelinn" {+Blink rElec Regen+ Int+3}
rPois   +            a - +0 mask of the Dragon {Will+ Slay+3 SInv}
rElec   +            o - +4 cloak of Agoraphobia {rF+ Dex+6}
rCorr   +            l - +0 pair of gloves "Ezirer" {rElec rN+ Regen+ Dex+3}
SInv    +            f - +4 barding
Will    ++++.        p - amulet of the Invisible Hand {Reflect Regen+ Int+3 SH+5} Stlth
                     m - ring "Wisak" {rF+ rC+ SInv}
HPRegen 3.26/turn    d - ring "Uninoos" {rCorr Int+3 Dex+6}
MPRegen 0.29/turn

%: reflection, roll
@: mighty, brilliant, berserking, resistant, attractive, flying, hasted,
studying 2 skills, invisible, very quick
A: large, rugged brown scales 3, deformed body, armoured tail, roll, long
tongue, awkward tongue, horns 1, thin skeletal structure 1, agile 1,
deterioration 1, fire resistance 1, high MP 1, poison resistance, strong 1,
subdued magic 1
0: Orb of Zot
}: 5/15 runes: decaying, slimy, silver, abyssal, gossamer
a: Renounce Religion, Evoke Blink, Wall of Briars, Grow Ballistomycete,
Overgrow, Grow Oklob


You escaped.
You worshipped Fedhas.
Fedhas was exalted by your worship.
You visited 13 branches of the dungeon, and saw 57 of its levels.
You visited the Abyss 1 time.
You visited 1 ziggurat, and saw 4 of its levels.
You also visited: Trove and Wizlab.

You collected 9772 gold pieces.
You spent 5831 gold pieces at shops.


Innate Abilities, Weirdness & Mutations

You are completely covered in rugged brown scales. (AC +3, +7% HP)
Armour fits poorly on your strangely shaped body.
You have a long armoured tail.
You roll when moving toward enemies. (Rampage)
Your long tongue fully drains potion bottles. (2x potion effects)
Your tongue gives you trouble enunciating. (1.5x scroll delay)
You have a pair of small horns on your head.
You have a somewhat thin skeletal structure. (Dex +2, Stealth+)
You are agile. (Dex +4, Str/Int -1)
Your body sometimes deteriorates upon taking damage.
Your flesh is heat resistant. (rF+)
You have an increased reservoir of magic. (+10% MP)
Your system is resistant to poisons. (rPois)
Your muscles are strong. (Str +4, Int/Dex -1)
Your spells are a little easier to cast, but a little less powerful.


   Skills:
 - Level 21.0 Fighting
 - Level 17.4(18.0) Axes
 - Level 8.0(14.5) Maces & Flails
 - Level 6.0 Throwing
 - Level 20.0 Armour
 - Level 4.0 Dodging
 - Level 4.0 Stealth
 - Level 18.0 Shields
 - Level 6.0 Spellcasting
 - Level 16.0 Translocations
 - Level 7.0 Air Magic
 + Level 26.2 Invocations
 - Level 17.0 Evocations


You had 22 spell levels left.
You knew the following spells:

 Your Spells              Type           Power      Damage    Failure   Level
l - Lesser Beckoning      Tloc           100%       N/A       0%          2
m - Manifold Assault      Tloc           69%        N/A       1%          4
p - Passage of Golubria   Tloc           69%        N/A       1%          4
s - Swiftness             Air            39%        N/A       1%          3
X - Vhi's Electric Charg  Tloc/Air       100%       N/A       1%          3

Your spell library contained the following spells:

 Spells                   Type           Power      Damage    Failure   Level
 Apportation              Tloc           100%       N/A       0%          1
 Blink                    Tloc           100%       N/A       0%          2
 Gell's Gravitas          Tloc           69%        N/A       1%          3
 Teleport Other           Tloc           69%        N/A       1%          3
 Volatile Blastmotes      Fire/Tloc      86%        2d17      1%          3
 Shock                    Conj/Air       92%        1d8       2%          1
 Dispersal                Tloc           34%        N/A       2%          6
 Poisonous Vapours        Pois/Air       46%        N/A       3%          2
 Static Discharge         Conj/Air       46%        2-4/arc   3%          2
 Iskenderun's Mystic Bla  Conj/Tloc      43%        2d10      3%          4
 Airstrike                Air            19%        2d(3-19)  6%          4
 Cigotuvi's Dreadful Rot  Necr/Pois/Air  34%        N/A       7%          2
 Foxfire                  Conj/Fire      24%        2x1d5     12%         1
 Freeze                   Ice            24%        1d4       12%         1
 Kiss of Death            Conj/Necr      24%        2d7       12%         1
 Magic Dart               Conj           24%        1d4       12%         1
 Necrotise                Necr           24%        1d5       12%         1
 Sandblast                Erth           12%        2d6       12%         1
 Slow                     Hex            24%        N/A       12%         1
 Sting                    Tmut/Pois      24%        1d4       12%         1
 Summon Small Mammal      Summ           24%        N/A       12%         1
 Summon Forest            Summ/Tloc      21%        N/A       12%         5
 Mephitic Cloud           Conj/Pois/Air  17%        N/A       13%         3
 Call Imp                 Summ           12%        N/A       17%         2
 Passwall                 Tmut/Erth      5%         N/A       17%         2
 Scorch                   Fire           12%        2d6       17%         2
 Searing Ray              Conj           12%        2d4       17%         2
 Summon Lightning Spire   Summ/Air       23%        N/A       28%         4
 Confusing Touch          Hex            6%         N/A       34%         3
 Dazzling Flash           Conj/Hex       12%        N/A       34%         3
 Frozen Ramparts          Ice            12%        1d2       34%         3
 Hailstorm                Conj/Ice       6%         3d4       34%         3
 Ignite Poison            Fire/Tmut/Pois 6%         N/A       34%         3
 Inner Flame              Hex/Fire       6%         N/A       34%         3
 Ozocubu's Armour         Ice            6%         N/A       34%         3
 Stone Arrow              Conj/Erth      12%        3d7       34%         3
 Vampiric Draining        Necr           6%         2d6       34%         3
 Arcjolt                  Conj/Air       11%        1d21      61%         5
 Silence                  Hex/Air        11%        N/A       61%         5
 Disjunction              Tloc           34%        N/A       73%         8
 Anguish                  Hex/Necr       3%         N/A       77%         4
 Animate Dead             Necr           6%         N/A       77%         4
 Cause Fear               Hex            3%         N/A       77%         4
 Dispel Undead            Necr           6%         3d8       77%         4
 Flame Wave               Conj/Fire      6%         2d5       77%         4
 Fulminant Prism          Conj/Hex       3%         3d5       77%         4
 Ice Form                 Ice/Tmut       6%         N/A       77%         4
 Leda's Liquefaction      Hex/Erth       3%         N/A       77%         4
 Olgreb's Toxic Radiance  Pois           6%         N/A       77%         4
 Sticky Flame             Conj/Fire      6%         2d3       77%         4
 Freezing Cloud           Conj/Ice/Air   8%         6-21      80%         5
 Agony                    Necr           6%         N/A       98%         5
 Alistair's Intoxication  Tmut/Pois      4%         N/A       98%         5
 Blade Hands              Tmut           3%         N/A       98%         5
 Borgnjor's Vile Clutch   Necr/Erth      3%         N/A       98%         5
 Fireball                 Conj/Fire      3%         3d4       98%         5
 Irradiate                Conj/Tmut      3%         3d12      98%         5
 Iskenderun's Battlesphe  Conj           6%         2d6       98%         5
 Lee's Rapid Deconstruct  Erth           3%         3d5*      98%         5
 Summon Mana Viper        Hex/Summ       6%         N/A       98%         5
 Yara's Violent Unravell  Hex/Tmut       3%         3d4       98%         5
 Conjure Ball Lightning   Conj/Air       11%        3x3d6     99%         6
 Plasma Beam              Fire/Air       11%        2x1d24    99%         6
 Malign Gateway           Summ/Tloc      21%        N/A       99%         7
 Eringya's Noxious Bog    Tmut/Pois      3%         N/A       100%        6
 Iron Shot                Conj/Erth      3%         9d2       100%        6
 Starburst                Conj/Fire      3%         6d3       100%        6
 Statue Form              Tmut/Erth      4%         N/A       100%        6
 Summon Cactus Giant      Summ           3%         N/A       100%        6
 Dragon Form              Tmut           3%         N/A       100%        7
 Enfeeble                 Hex            3%         N/A       100%        7
 Haunt                    Necr/Summ      3%         N/A       100%        7
 Ozocubu's Refrigeration  Ice            3%         4d8       100%        7
 Spellforged Servitor     Conj/Summ      3%         N/A       100%        7
 Storm Form               Tmut/Air       11%        N/A       100%        7
 Summon Hydra             Summ           3%         N/A       100%        7
 Borgnjor's Revivificati  Necr           3%         N/A       100%        8
 Discord                  Hex            3%         N/A       100%        8
 Ignition                 Fire           3%         3d4       100%        8
 Infestation              Necr           3%         N/A       100%        8
 Lehudib's Crystal Spear  Conj/Erth      3%         10d2      100%        8
 Maxwell's Capacitive Co  Air            19%        ∞         100%        8
 Necromutation            Tmut/Necr      3%         N/A       100%        8
 Summon Horrible Things   Summ           3%         N/A       100%        8

Inventory:

Hand Weapons
 Q - the +4 consecrated labrys (weapon) {holy, Valiant Fragile Fly SInv}
   (You bought it in a shop on level 2 of the Dungeon)

   Valiant:   It becomes more powerful as more dangerous foes come into view.
   SInv:      It lets you see invisible.
   Fly:       It grants you flight.
   Fragile:   It will be destroyed if unequipped.
Missiles
 b - 34 boomerangs
 E - 4 curare-tipped darts {=f}
 T - 6 throwing nets {=f!f}
Armour
 a - the +0 mask of the Dragon (worn) {Will+ Slay+3 SInv}
   (You bought it in a shop on level 5 of the Vaults)

   Slay:      It affects your accuracy & damage with ranged weapons and melee
   (+3).
   SInv:      It lets you see invisible.
   Will:      It increases your willpower.
 f - a +4 barding (worn)
   (You took it off Nessos on level 15 of the Dungeon)
 i - a +8 tower shield of protection
   (You found it on level 5 of the Pits of Slime)
 l - the +0 pair of gloves "Ezirer" (worn) {rElec rN+ Regen+ Dex+3}
   (You found it on level 3 of the Realm of Zot)

   Dex:       It affects your dexterity (+3).
   rElec:     It insulates you from electricity.
   rN:        It protects you from negative energy.
   Regen:     It increases your rate of health regeneration.
 o - the +4 cloak of Agoraphobia (worn) {rF+ Dex+6}
   (You acquired it on level 2 of the Lair of Beasts)

   Dex:       It affects your dexterity (+6).
   rF:        It protects you from fire.
 u - the +18 shield of the Gong (worn) {Loud rN+ Will+ rCorr EV-5}
   (You bought it in a shop on level 1 of the Depths)

   Loud:      It is deafeningly noisy when blocking attacks.
   EV:        It affects your evasion (-5).
   rN:        It protects you from negative energy.
   rCorr:     It protects you from acid and corrosion.
   Will:      It increases your willpower.
 y - the +1 troll leather armour "Ligaelinn" (worn) {+Blink rElec Regen+ Int+3}
   (You bought it in a shop on level 1 of the Elven Halls)

   Int:       It affects your intelligence (+3).
   rElec:     It insulates you from electricity.
   +Blink:    It lets you blink.
   Regen:     It increases your rate of health regeneration.
 P - the +2 helmet of Curiosity {Regen+}
   (You found it on level 9 of the Dungeon)

   Regen:     It increases your rate of health regeneration.
Jewellery
 d - the ring "Uninoos" (right hand) {rCorr Int+3 Dex+6}
   (You found it on level 4 of the Lair of Beasts)

   [ring of dexterity]

   Int:       It affects your intelligence (+3).
   Dex:       It affects your dexterity (+6).
   rCorr:     It protects you from acid and corrosion.
 m - the ring "Wisak" (left hand) {rF+ rC+ SInv}
   (You took it off a deep elf demonologist on level 3 of the Elven Halls)

   [ring of see invisible]

   rF:        It protects you from fire.
   rC:        It protects you from cold.
   SInv:      It lets you see invisible.
 p - the amulet of the Invisible Hand (around neck) {Reflect Regen+ Int+3 SH+5}
   (You took it off a yaktaur captain on level 5 of the Vaults)

   [amulet of reflection]

   It reflects blocked missile attacks.
   Int:       It affects your intelligence (+3).
   Regen:     It increases your rate of health regeneration.
   SH:        It affects your SH (+5).
Wands
 c - a wand of charming (72)
 e - a wand of flame (116)
 k - a wand of digging (17)
   (You found it on level 3 of the Swamp)
 K - a wand of roots (32)
   (You found it on level 7 of the Dungeon)
 U - a wand of acid (24)
   (You found it on level 1 of the Swamp)
Scrolls
 h - 7 scrolls of blinking {!r}
 n - 9 scrolls of fog
 q - 31 scrolls of teleportation {@r4}
 s - a scroll of butterflies
 B - 15 scrolls of vulnerability {!r!r}
 D - a scroll of acquirement
 G - 8 scrolls of immolation {!r!r}
 I - 4 scrolls of poison {!r}
 L - 4 scrolls of magic mapping {!r}
 V - 3 scrolls of silence {!r}
 X - 4 scrolls of fear
Potions
 j - 6 potions of attraction {!q}
 t - 4 potions of berserk rage {!q}
 v - 2 potions of haste {@q3}
 w - 10 potions of ambrosia
 x - 10 potions of heal wounds {@q2}
 z - 8 potions of cancellation
 A - 6 potions of might
 C - 3 potions of mutation {!q}
 H - 8 potions of lignification {!q}
 J - 21 potions of curing {@q1}
 O - 2 potions of magic
 R - 8 potions of brilliance
 W - 6 potions of resistance
 Y - 3 potions of invisibility
Miscellaneous
 g - a phantom mirror
   (You found it on level 2 of the Vaults)
 r - a lightning rod (4/4)
   (You found it on level 10 of the Dungeon)
 F - a phial of floods
   (You found it on level 13 of the Dungeon)
 M - the horn of Geryon
   (You took it off Geryon in the Vestibule of Hell)
 N - a box of beasts
   (You found it on level 1 of the Vaults)
 S - a condenser vane
   (You found it on level 1 of the Vaults)

Dungeon Overview and Level Annotations

Branches:
Dungeon (15/15)            Temple (1/1) D:5            Lair (5/5) D:10
  Swamp (4/4) Lair:3       Spider (4/4) Lair:2        Slime (5/5) Lair:4
    Orc (2/2) D:10            Elf (3/3) Orc:2        Vaults (5/5) D:13
  Crypt (3/3) Vaults:2       Tomb (0/3) Crypt:3      Depths (4/4) D:15
   Hell (visited)             Dis (0/7) Hell            Geh (0/7) Hell
    Coc (0/7) Hell            Tar (0/7) Hell            Zot (5/5) Depths:4
 WizLab (visited)

Altars:
Ashenzari
Cheibriados
Dithmenos
Elyvilon
Fedhas
Gozag
Hepliaklqana
Kikubaaqudgha
Makhleb
Nemelex Xobeh
Okawaru
Qazlal
Ru
Sif Muna
Trog
Uskayaw
Vehumet
Wu Jian
Xom
Yredelemnul
Zin
The Shining One
Jiyva

Shops:
D:2 *   D:4 :   D:14 [(   Orc:2 !![(=   Elf:1 [(   Elf:2 ?   Elf:3 *
Vaults:4 ([(?   Vaults:5 [   Depths:1 [*   Depths:3 ::=

Portals:
Hell: Depths:1 Depths:2 Depths:3 Depths:4
Abyss: Depths:3
Pandemonium: Depths:2

Annotations:
D:7 Xom potion
Elf:2 3 runed translucent doors
Depths:1 1 runed translucent door, exclusion: door ♣♣♣♣♣♣ ♣♣♣♣♣♣b)♣P♣♣♣ ♣ ♣♣bbbbbb♣....♣♣♣≈≈≈ ♣♣bb@bb♣♣♣♣♣.♣.♣ ♣≈≈≈ ♣bbbbbb♣

♣♣.♣♣ ♣≈
♣♣♣bb♣b♣
♣♣.♣ ♣♣
♣♣bb♣♣
♣♣.♣♣
♣♣b♣♣
♣.♣♣
♣bb♣
♣..♣♣♣
♣.♣♣
♣♣♣..♣♣
♣ ♣.♣
♣♣♣.♣♣
♣♣ ♣.♣♣♣
♣♣.♣♣♣.


There were no monsters in sight!


Message History

You take 40 damage, and now have 227/267 hp.
You lost 2 mp, and now have 40/44 mp.
You completely miss the Executioner.
You headbutt the Executioner, but do no damage.
You block the Executioner's attack.
GONNNNG!
The Executioner barely misses you. You block the Executioner's attack.
GONNNNG!
The demonspawn warmonger invokes the aid of its god against you.
Your magic feels tainted. 😕 HP[+2]
You regained 2 hp, and now have 229/267 hp.
You roll towards the demonspawn warmonger!
You barely miss the demonspawn warmonger.
You headbutt the demonspawn warmonger. You slash the Executioner!
The Executioner convulses!
The Executioner gestures.
The Executioner seems to speed up.
You block the demonspawn warmonger's attack.
BONNNG!
You block the demonspawn warmonger's attack.
SHROANNG!
You block the demonspawn warmonger's attack.
GONNNNG!
The Executioner hits you but does no damage.
You block the Executioner's attack.
BOUMMMMG!
You block the Executioner's attack.
GONNNNG! 😕 HP[+3] MP[+1]
You regained 3 hp, and now have 232/267 hp.
You slice the demonspawn warmonger!!
The demonspawn warmonger convulses!!
You slice the Executioner!!
You kill the Executioner!
Fedhas accepts your kill. 😕 HP[+2]
You regained 2 hp, and now have 234/267 hp.
You hit the demonspawn warmonger.
The demonspawn warmonger convulses.
You block the demonspawn warmonger's attack.
GONNNNG!
The demonspawn warmonger claws you but does no damage.
You block the demonspawn warmonger's attack.
GONNNNG! 😕 HP[+2]
You regained 2 hp, and now have 236/267 hp.
You slice the demonspawn warmonger!!
The demonspawn warmonger convulses!!
You headbutt the demonspawn warmonger, but do no damage.
You block the demonspawn warmonger's attack.
PANG!
You block the demonspawn warmonger's attack.
GONNNNG!
The demonspawn warmonger gores you but does no damage. 😕 HP[+3]
You regained 3 hp, and now have 239/267 hp.
You slice the demonspawn warmonger!!
You kill the demonspawn warmonger!
Fedhas accepts your kill. 😕 HP[+2]
You regained 2 hp, and now have 241/267 hp.
There is a staircase leading out of the dungeon, spattered with blood here. 😕 HP[+3] MP[+1]
You regained 3 hp, and now have 244/267 hp.
You start resting. 😕 HP[+21] MP[+2]
You regained 21 hp, and now have 265/267 hp.
Your mp is fully restored (44).
You start resting. 😎 HP[+2]
Your hp is fully restored (267).
You start waiting.
Your magic seems less tainted.
Unknown command.
You feel more clever all of a sudden.
You slurp down every last drop of the potion of brilliance!
You fade into invisibility!
You slurp down every last drop of the potion of invisibility!
Okay, then.
You feel yourself speed up.
You slurp down every last drop of the potion of haste {@q3}!
You feel very mighty all of a sudden.
You slurp down every last drop of the potion of might!
You feel protected.
You slurp down every last drop of the potion of resistance!
Really quaff
j - 7 potions of attraction {!q}?
Really quaff the potion of attraction?
You feel attractive to monsters.
You slurp down every last drop of the potion of attraction {!q}!
Okay, then.
As you slowly read the scroll of butterflies, it crumbles to dust.
You hear the flapping of tiny wings.
Okay, then.
Okay, then.
Really quaff
t - 5 potions of berserk rage {!q}?
A red film seems to cover your vision as you go berserk!
You feel yourself moving faster!
You feel mighty!
You slurp down every last drop of the potion of berserk rage {!q}! 😎 HP[+133]
You now have 400 max hp (+133).
Your hp is fully restored (400).
You feel a strong urge to attack something.
You have escaped!

Skill      XL: |  1  2  3  4  5  6  7  8  9 10 11 12 13 14 15 16 17 18 19 20 21 22 23 24 25 26 27 |
---------------+----------------------------------------------------------------------------------+-----
Fighting       | 1 2 3 4 5 7 8 9 10 11 12 13 14 15 16 17 18 19 21 | 21.0
Stealth        | 2 3 4 |  4.0
Armour         | 3 4 5 6 7 9 10 13 14 15 16 17 20 | 20.0
Maces & Flails | 1 2 3 4 6 7 8 |  8.0
Evocations     | 4 5 7 8 10 11 13 14 15 16 17 | 17.0
Throwing       | 1 2 3 4 6 |  6.0
Dodging        | 1 3 4 |  4.0
Shields        | 2 5 7 9 11 12 13 14 15 16 17 18 | 18.0
Axes           | 3 4 6 8 10 14 15 16 17 | 17.4
Invocations    | 4 6 7 9 10 12 13 15 16 17 18 19 26 | 26.2
Translocations | 3 4 6 9 11 13 16 | 16.0
Air Magic      | 2 3 6 7 |  7.0
Spellcasting   | 2 3 5 6 |  6.0

Action                     |  1- 3 |  4- 6 |  7- 9 | 10-12 | 13-15 | 16-18 | 19-21 | 22-24 | 25-27 || total
---------------------------+-------+-------+-------+-------+-------+-------+-------+-------+-------++-------
  Melee: Club              |    28 |       |       |       |       |       |       |       |       ||    28
         Punch             |     1 |     3 |     3 |       |       |       |       |       |       ||     7
         Whip              |    89 |   250 |       |       |       |       |       |       |       ||   339
         Tailslap          |     8 |    34 |    47 |   140 |   259 |   130 |   539 |   573 |   427 ||  2157
         Flail             |       |    40 |   338 |   900 |   903 |       |       |       |       ||  2181
         Labrys            |       |       |       |       |   279 |   557 |  2115 |  2679 |  2698 ||  8328
         Kick              |       |       |       |       |       |       |       |       |   352 ||   352
         Headbutt          |       |       |       |       |       |       |       |       |   254 ||   254
  Throw: Stone             |     3 |     3 |    26 |    40 |    56 |    21 |    76 |       |       ||   225
         Dart              |       |    10 |    24 |    14 |    62 |    46 |   149 |    27 |     2 ||   334
         Boomerang         |       |       |     3 |    10 |     1 |     8 |     3 |       |       ||    25
         Javelin           |       |       |       |       |       |       |     3 |     1 |       ||     4
         Throwing net      |       |       |       |       |       |       |       |     3 |     1 ||     4
   Cast: Manifold Assault  |       |       |       |       |       |       |       |   275 |   686 ||   961
         Vhi's Electric Ch |       |       |       |       |       |       |       |     6 |    23 ||    29
 Invoke: Grow Ballistomyce |       |       |       |       |     7 |     6 |     7 |     7 |     4 ||    31
         Grow Oklob        |       |       |       |       |       |     2 |    13 |     7 |    12 ||    34
         Wall of Briars    |       |       |       |       |       |     1 |     2 |     3 |     1 ||     7
         Overgrow          |       |       |       |       |       |       |       |       |     1 ||     1
  Evoke: Wand              |     9 |     1 |    11 |    10 |     4 |    23 |    13 |    30 |    55 ||   156
         Lightning rod     |       |       |       |    12 |    18 |     5 |    15 |    15 |     4 ||    69
         Phial of floods   |       |       |       |       |     1 |       |       |       |       ||     1
         Phantom mirror    |       |       |       |       |       |       |     1 |     1 |     1 ||     3
         Condenser vane    |       |       |       |       |       |       |     1 |       |       ||     1
         Box of beasts     |       |       |       |       |       |       |       |     2 |     3 ||     5
    Use: Scroll            |       |     6 |     2 |    17 |     8 |    10 |     8 |    16 |    25 ||    92
         Potion            |       |       |     2 |     9 |       |     3 |     9 |    10 |    28 ||    61
   Stab: Sleeping          |     5 |     1 |       |     1 |     4 |     5 |       |     3 |     3 ||    22
         Confused          |       |       |       |       |     4 |     5 |     4 |     1 |       ||    14
         Distracted        |       |       |       |       |     1 |     1 |     6 |     8 |    14 ||    30
         Betrayed ally     |       |       |       |       |       |       |       |       |     1 ||     1
         Invisible         |       |       |       |       |       |       |       |       |     4 ||     4
 Armour: Leather armour    |    45 |    18 |       |       |    66 |       |       |       |       ||   129
         Scale mail        |       |   102 |   114 |       |   167 |   381 |   399 |       |    49 ||  1212
         Steam dragon scal |       |       |    53 |   334 |   142 |       |       |       |       ||   529
         Chain mail        |       |       |       |       |       |       |   347 |   145 |   171 ||   663
         Acid dragon scale |       |       |       |       |       |       |       |   702 |   154 ||   856
         Troll leather arm |       |       |       |       |       |       |       |    18 |   118 ||   136
         Skin              |       |       |       |       |       |       |       |     4 |       ||     4
  Dodge: Dodged            |    44 |    90 |    78 |   223 |   338 |   277 |   459 |   179 |   123 ||  1811
  Block: Kite shield       |       |       |    49 |   503 |   799 |   519 |  1687 |  2199 |  1394 ||  7150
         Reflection        |       |       |       |       |       |       |    46 |    63 |    38 ||   147
         Tower shield      |       |       |       |       |       |       |       |       |   475 ||   475

Levels and vault maps discovered:
D:1:      kilobyte_arrival_exit_the_forest, layout_basic
D:2:      minmay_diamond_boxcup, layout_basic, serial_shops,
          nicolae_shop_hallway_plus, uniq_terence, uniq_robin
D:3:      layout_basic, okawaru_trees_2, nicolae_overflow_squiral,
          chequers_ecumenical_altar_island, uniq_natasha, uniq_jessica
D:4:      layout_basic, mainiacjoe_overflow_chevrons, serial_shops, shop,
          serial_bayou_pond_b
D:5:      layout_gridville, old_standard_altar,
          minmay_temple_entry_drinking_statues
D:6:      layout_basic, nicolae_overflow_crystal_walls, hex_large
D:7:      layout_cave_pods, xom_shifter_show, uniq_prince_ribbit1
D:8:      layout_loops_ring, minmay_misc_feat_room
D:9:      layout_basic, nicolae_ru_awakened_eye, gammafunk_ghost_split,
          minmay_tree_intersection, grunt_ministairs_3
D:10:     layout_stronghold, fedhas_altar_3,
          mainiacjoe_overflow_six_doors_small, david_lair_shrubbed, david_orc_2,
          nicolae_underground_beach
D:11:     layout_irregular_city, uniq_grum
D:12:     layout_roguey
D:13:     layout_loops_ring, lightli_vaults_fourway_checkpoint,
          makhleb_altar_promises_db
D:14:     layout_stronghold, serial_park_avenue1, serial_shops, shop, shop
D:15:     gammafunk_depths_entry_grave, layout_basic, chei_slow_surprise,
          uniq_kirke, uniq_jorgrun, uniq_nessos
Temple:   nicolae_temple_ecumenical_triangle
Lair:1:   layout_big_grid, nzn_masters_of_martial_movement
Lair:2:   layout_regular_city, nicolae_spider_entry_orb_guardian
Lair:3:   layout_regular_city, minmay_swamp_entry_worms
Lair:4:   layout_big_grid, slime_entry_1, nicolae_lair_lil_pond
Lair:5:   evilmike_catoblepas_cave, layout_regular_city,
          nicolae_quartered_pool_super, lemuel_fruit_tree
Swamp:1:  layout_basic_swamp, infiniplex_staircase_pool, swamp_pool5
Swamp:2:  layout_falls_marsh, gammafunk_ghost_cemetery, serial_swamp_ruin,
          evilmike_swamp_ruin_wall, evilmike_swamp_ruin_house_3,
          evilmike_swamp_ruin_house_1, nicolae_swamp_feature_on_the_river_bank
Swamp:3:  layout_basic_swamp, hangedman_swamp_ruin_wall
Swamp:4:  swamp, layout_basic_swamp, swamp_pool4
Spider:1: layout_spider_delve
Spider:2: layout_cave_pods, hangedman_spider_tarantella_strand
Spider:3: layout_spider_delve, uniq_donald, uniq_louise
Spider:4: floodkiller_spider_rune_tomb, nicolae_spider_swamp_cousins
Slime:1:  layout_caves
Slime:2:  layout_caves
Slime:3:  layout_caves
Slime:4:  layout_caves
Slime:5
Orc:1:    layout_caves
Orc:2:    st_orc_elflike, layout_diamond_mine, serial_shops,
          nicolae_shop_window_shopping, nicolae_orc_lost_temple
Elf:1:    layout_geoelf_octagon, serial_shops, shop, hangedman_elf_disciples,
          nicolae_shop_firing_range, uniq_aizul
Elf:2:    nicolae_elf_blades_splatter_lattice [nicolae_blade_lattice],
          layout_geoelf_diagonals, serial_shops, shop
Elf:3:    elf_hall_gauntlet_wide, layout_gridlike, serial_shops, shop
Vaults:1: v_pattern_5, vaults_room_octagon, nicolae_vaults_heart-shaped_vault,
          nicolae_vaults_storage_closets_1, vaults_dpeg_diagonal,
          nicolae_vaults_sesquioval_fish, nicolae_vaults_wine_cellar,
          nicolae_vaults_little_squares_5, v_misc_25, hangedman_vaults_cutoff,
          layout_vaults_omnigrid
Vaults:2: minmay_crypt_entry_simple_round, ontoclasm_vaults_hangar,
          nicolae_vaults_apartment_2, nicolae_vaults_house_1, v_alt_pattern_6,
          hangedman_vaults_pinch, hangedman_vaults_slice, vaults_mumra_hex,
          nicolae_vaults_stepped_doors, v_misc_17,
          nicolae_vaults_border_crossing, nicolae_vaults_trapezoid_lopsided_3,
          layout_vaults_big_room
Vaults:3: st_star, ontoclasm_vaults_eye, hangedman_vaults_unwind, v_rooms_3,
          vaults_mumra_hexcomb, nicolae_vaults_big_angled_halls,
          nicolae_vaults_closet_pinwheel_1, v_misc_23, v_alt_pattern_5,
          serial_ice_h, nicolae_vaults_little_squares_4,
          nicolae_vaults_tetromino_T_2, layout_vaults_omnibox, uniq_jory,
          uniq_margery, uniq_xtahua
Vaults:4: nicolae_vaults_asterisk, nicolae_vaults_variable_pillar_hall_cross,
          nicolae_vaults_more_shelving_2, v_misc_1, v_misc_15,
          nicolae_vaults_puzzle_piece, hangedman_vaults_river_flow,
          vaults_mumra_minichess, kennysheep_vaults_gozag_temple, v_misc_26,
          nicolae_vaults_shelves_hall, nicolae_vaults_trapezoid_2,
          layout_vaults_maze, serial_shops, nicolae_shop_peninsula
Vaults:5: serial_shops
Crypt:1:  layout_basic
Crypt:2:  layout_misc_corridors, mu_enter_wizlab_4, grunt_megastairs_2,
          uniq_grunn
Crypt:3:  lightli_unholy_cathedral, layout_chaotic_city,
          tomb_entry_simple_bobbens, nicolae_crypt_small_crypt, minivault_25
Depths:1: layout_big_octagon, hell_entry, hex_medium, glass_columns_c,
          minmay_misc_feat_nine_boxes, nicolae_elemental_shop,
          hangedman_aerie_drop, minmay_shop_star, uniq_enchantress
Depths:2: kennysheep_blocky_room, layout_gridlike, enter_ziggurat_e, hell_entry,
          enter_trove_5, rand_demon_pan_entry_1
Depths:3: dreamdust_hydra_shepherd, layout_cave_pools, kennysheep_another_room,
          pf_coc_iceberg, abyss_entry, minmay_shop_grove,
          infiniplex_staircase_zigzag_3
Depths:4: grunt_twist_and_shout, layout_twisted_cross,
          serial_sigils_hangedman_quiver, lightli_too_deep
Hell
Zot:1:    minmay_elemental_castle, layout_basic, uniq_vv
Zot:2:    kennysheep_bubbly, layout_onion_interference
Zot:3:    nicolae_zot_stationary_front, layout_twisted_circle,
          kennysheep_underground_church
Zot:4:    kennysheep_ambush_hall, layout_concentric_octagons
Zot:5:    layout_twisted_circle

Notes
Turn   | Place    | Note
-------+----------+-------------------------------------------
     0 | D:1      | Ntrails the Armataur Artificer began the quest for the Orb.
     0 | D:1      | Reached XP level 1. HP: 16/16 MP: 1/1
     0 | D:1      | magus.rc [v1.11.6]
    24 | D:1      | Reached skill level 1 in Fighting
   322 | D:1      | Reached XP level 2. HP: 24/24 MP: 2/2
   750 | D:1      | Reached skill level 2 in Stealth
   753 | D:1      | Reached skill level 3 in Armour
   765 | D:1      | Reached XP level 3. HP: 27/31 MP: 3/3
   856 | D:1      | You add the spells Slow, Vampiric Draining and Confusing
                  | Touch to your library.
  1326 | D:2      | Reached skill level 2 in Fighting
  1326 | D:2      | Reached skill level 1 in Maces & Flails
  1397 | D:2      | You add the spells Foxfire, Fireball, Plasma Beam and
                  | Starburst to your library.
  1455 | D:2      | Noticed Terence
  1781 | D:2      | Reached XP level 4. HP: 29/38 MP: 4/4
  1852 | D:2      | Found Wefod's Assorted Antiques.
  1857 | D:2      | Bought a fuming white potion for 21 gold pieces
  1857 | D:2      | Bought a scroll labelled HEULO XUNGU for 24 gold pieces
  1857 | D:2      | Bought a green potion for 21 gold pieces
  2059 | D:2      | You add the spells Cigotuvi's Dreadful Rot, Ignite Poison
                  | and Freezing Cloud to your library.
  2177 | D:2      | Killed Terence
  2178 | D:2      | Reached skill level 2 in Maces & Flails
  2300 | D:2      | Noticed Robin
  2320 | D:2      | Killed Robin
  2600 | D:2      | Reached XP level 5. HP: 47/47 MP: 5/5
  2673 | D:3      | Reached skill level 3 in Fighting
  2694 | D:3      | Noticed Jessica
  2712 | D:3      | Killed Jessica
  2749 | D:3      | Found a glowing golden altar of the Shining One.
  2750 | D:3      | Found an ancient bone altar of Kikubaaqudgha.
  2886 | D:3      | You add the spells Lesser Beckoning, Gell's Gravitas and
                  | Teleport Other to your library.
  2903 | D:3      | Found an iron altar of Okawaru.
  3018 | D:3      | Noticed Natasha
  3034 | D:3      | Killed Natasha
  3035 | D:3      | Reached skill level 3 in Maces & Flails
  3076 | D:3      | Noticed Natasha
  3085 | D:3      | Killed Natasha
  3133 | D:3      | Found a faded altar of an unknown god.
  3632 | D:3      | Noticed Natasha
  3649 | D:3      | Killed Natasha
  3729 | D:4      | You add the spells Inner Flame, Yara's Violent Unravelling
                  | and Enfeeble to your library.
  3740 | D:4      | Found a broken altar of Ashenzari.
  3762 | D:4      | Reached XP level 6. HP: 55/55 MP: 6/6
  3991 | D:4      | You add the spells Shock, Swiftness and Airstrike to your
                  | library.
  4086 | D:4      | Reached skill level 4 in Fighting
  4467 | D:4      | Reached skill level 4 in Maces & Flails
  4527 | D:4      | Reached XP level 7. HP: 63/63 MP: 7/7
  4571 | D:4      | Found Uroase's Book Boutique.
  4703 | D:4      | Reached skill level 4 in Evocations
  5061 | D:5      | Entered Level 5 of the Dungeon
  5067 | D:5      | Noticed a wraith
  5486 | D:5      | Reached skill level 1 in Throwing
  5670 | D:5      | Found a staircase to the Ecumenical Temple.
  5679 | Temple   | Entered the Ecumenical Temple
  5786 | D:5      | Found a stormy altar of Qazlal.
  6088 | D:5      | Reached skill level 4 in Armour
  6088 | D:5      | Reached XP level 8. HP: 60/71 MP: 8/8
  6342 | D:6      | Reached skill level 5 in Fighting
  6453 | D:6      | Reached skill level 5 in Maces & Flails
  6454 | D:6      | Noticed a two-headed ogre
  6496 | D:5      | Reached skill level 2 in Throwing
  6720 | D:6      | Reached skill level 5 in Evocations
  6885 | D:6      | Reached skill level 5 in Armour
  6885 | D:6      | Reached skill level 1 in Dodging
  6893 | D:6      | Reached skill level 6 in Maces & Flails
  6893 | D:6      | Reached skill level 1 in Shields
  7411 | D:6      | Reached skill level 2 in Shields
  7411 | D:6      | Reached XP level 9. HP: 56/80 MP: 9/9
  7683 | D:6      | Reached skill level 6 in Armour
  7804 | D:6      | Reached skill level 6 in Fighting
  7804 | D:6      | Reached skill level 3 in Shields
  7890 | D:6      | You add the spells Anguish and Cause Fear to your library.
  8170 | D:6      | Found a hazy altar of Hepliaklqana.
  8518 | D:7      | Noticed Prince Ribbit
  8547 | D:7      | Killed Prince Ribbit
  8548 | D:7      | Reached skill level 7 in Maces & Flails
  8548 | D:7      | Reached skill level 4 in Shields
  8755 | D:7      | HP: 15/83 [something (6)]
  9120 | D:7      | Found a shimmering altar of Xom.
  9121 | D:7      | Found a shimmering altar of Xom.
  9121 | D:7      | Found a shimmering altar of Xom.
  9122 | D:7      | Found a shimmering altar of Xom.
  9125 | D:7      | Found a shimmering altar of Xom.
  9125 | D:7      | Found a shimmering altar of Xom.
  9125 | D:7      | Found a shimmering altar of Xom.
  9194 | D:6      | Killed a two-headed ogre
  9195 | D:6      | Reached skill level 7 in Fighting
  9195 | D:6      | Reached skill level 5 in Shields
  9442 | D:7      | Reached XP level 10. HP: 80/91 MP: 10/10
  9694 | D:7      | You add the spells Volatile Blastmotes, Fulminant Prism,
                  | Iskenderun's Mystic Blast and Lee's Rapid Deconstruction to
                  | your library.
  9696 | D:7      | You add the spells Magic Dart and Searing Ray to your
                  | library.
  9833 | D:7      | Noticed an eye of devastation
  9837 | D:7      | a spriggan changed into a glowing orange brain
  9837 | D:7      | Noticed a glowing orange brain (shapeshifter)
 10387 | D:7      | magus.rc [v1.11.6]
 10611 | D:8      | Reached skill level 6 in Shields
 11010 | D:8      | Reached skill level 8 in Maces & Flails
 11206 | D:7      | Noticed a lindwurm
 11251 | D:7      | Noticed a steelbarb worm
 11278 | D:7      | Noticed an orb spider
 11287 | D:7      | an orb spider changed into a water nymph
 11287 | D:7      | Noticed a water nymph (shapeshifter)
 11769 | D:8      | Reached skill level 1 in Axes
 12154 | D:9      | Reached skill level 8 in Fighting
 12165 | D:9      | Reached skill level 7 in Shields
 12296 | D:9      | Reached skill level 2 in Axes
 12607 | D:9      | Noticed a centaur warrior
 12608 | D:9      | Noticed enotiy's ghost (novice GrFi)
 12609 | D:9      | Noticed a two-headed ogre
 12640 | D:9      | Identified the +2 helmet of Curiosity {Regen+}
 12992 | D:9      | Found a runed translucent gate.
 12992 | D:9      | Found a runed translucent gate.
 12992 | D:9      | Found a runed translucent gate.
 13117 | D:9      | HP: 17/89 [vampire (11)]
 13125 | D:9      | HP: 22/89 [vampire/vampiric draining (19)]
 13259 | D:9      | Found a sacrificial altar of Ru.
 13305 | D:9      | Noticed a cyclops
 13741 | D:10     | Entered Level 10 of the Dungeon
 13742 | D:10     | Found a staircase to the Lair.
 13758 | D:10     | Reached skill level 3 in Axes
 13783 | D:10     | Found a blossoming altar of Fedhas.
 13915 | D:10     | Reached skill level 3 in Throwing
 13930 | D:10     | Became a worshipper of Fedhas Madash
 14021 | D:10     | Found a staircase to the Orcish Mines.
 14356 | D:10     | Found a hide-covered altar of Uskayaw.
 14447 | D:10     | Reached XP level 11. HP: 101/101 MP: 11/11
 14461 | D:10     | Reached skill level 1 in Invocations
 14711 | D:10     | Reached skill level 8 in Shields
 14815 | D:10     | Reached skill level 6 in Evocations
 14949 | D:10     | magus.rc [v1.11.6]
 15037 | D:10     | Reached skill level 2 in Invocations
 15164 | D:11     | HP: 10/101 [manticore (19)]
 15612 | D:10     | magus.rc [v1.11.6]
 15613 | Lair:1   | Entered Level 1 of the Lair of Beasts
 15675 | Lair:1   | Reached skill level 4 in Axes
 15705 | Lair:1   | HP: 21/101 [poisoned by a cane toad]
 15706 | Lair:1   | Reached * piety under Fedhas
 15708 | Lair:1   | HP: 8/101 [poisoned by a cane toad]
 15711 | Lair:1   | HP: 2/101 [poisoned by a cane toad]
 15716 | Lair:1   | HP: 2/101 [poisoned by a cane toad]
 15905 | D:10     | Reached skill level 3 in Invocations
 16078 | Lair:1   | HP: 24/101 [poisoned by a cane toad]
 16083 | Lair:1   | Reached skill level 9 in Shields
 16085 | Lair:1   | HP: 24/101 [poisoned by a cane toad]
 16090 | Lair:1   | HP: 17/101 [poisoned by a cane toad]
 16095 | Lair:1   | HP: 18/101 [poisoned by a cane toad]
 16226 | Lair:1   | Reached skill level 9 in Fighting
 16379 | Lair:1   | Found a hide-covered altar of Uskayaw.
 16379 | Lair:1   | Found an ornate altar of the Wu Jian Council.
 16379 | Lair:1   | Noticed a boulder beetle
 16402 | Lair:1   | Killed a boulder beetle
 16403 | Lair:1   | Reached skill level 3 in Stealth
 16517 | Lair:1   | Reached skill level 7 in Evocations
 16518 | Lair:1   | magus.rc [v1.11.6]
 16518 | Lair:1   | magus.rc [v1.11.6]
 16909 | Lair:1   | Reached skill level 4 in Invocations
 17053 | Lair:2   | Reached XP level 12. HP: 111/111 MP: 15/15
 17073 | Lair:2   | Noticed a six-headed hydra
 17074 | Lair:2   | Noticed a death yak
 17105 | Lair:2   | Killed a six-headed hydra
 17289 | Lair:2   | Reached ** piety under Fedhas
 17299 | Lair:2   | Reached skill level 10 in Shields
 17572 | Lair:2   | Reached skill level 5 in Axes
 17644 | Lair:2   | Killed a death yak
 17863 | Lair:2   | Found a hole to the Spider Nest.
 18120 | Lair:2   | Reached skill level 7 in Armour
 18285 | Lair:2   | Reached skill level 5 in Invocations
 18353 | Lair:2   | Identified a scroll of acquirement
 18356 | Lair:2   | Acquired the +4 cloak of Agoraphobia {rF+ Dex+6}
 18402 | Lair:2   | magus.rc [v1.11.6]
 18421 | Lair:3   | Noticed a death yak
 18421 | Lair:3   | Noticed a death yak
 18421 | Lair:3   | Noticed a death yak
 18425 | Lair:3   | Noticed a death yak
 18431 | Lair:3   | Noticed a death yak
 18433 | Lair:3   | Killed a death yak
 18433 | Lair:3   | Killed a death yak
 18434 | Lair:3   | Killed a death yak
 18434 | Lair:3   | Killed a death yak
 18449 | Lair:2   | Killed a death yak
 18457 | Lair:2   | Reached skill level 10 in Fighting
 18514 | Lair:3   | magus.rc [v1.11.6]
 18615 | Lair:3   | Found a staircase to the Swamp.
 18902 | Lair:3   | Reached skill level 6 in Axes
 18902 | Lair:3   | Reached skill level 6 in Invocations
 18932 | Lair:3   | Noticed a five-headed hydra
 18938 | Lair:3   | Killed a five-headed hydra
 18939 | Lair:3   | Reached skill level 11 in Shields
 19478 | Lair:4   | Reached *** piety under Fedhas
 19502 | Lair:4   | Found a staircase to the Slime Pits.
 19537 | Lair:4   | Reached XP level 13. HP: 120/120 MP: 17/17
 19869 | Lair:4   | You fall into a shaft and drop 1 floor!
 19869 | Lair:5   | Entered Level 5 of the Lair of Beasts
 19925 | Lair:4   | Identified the ring "Uninoos" {rCorr Int+3 Dex+6}
 20198 | Lair:4   | Reached skill level 7 in Axes
 20623 | Lair:5   | Reached skill level 7 in Invocations
 20763 | Lair:5   | Reached skill level 8 in Evocations
 20811 | Lair:5   | Reached **** piety under Fedhas
 21215 | Lair:5   | magus.rc [v1.11.6]
 21766 | Lair:5   | Reached skill level 8 in Axes
 22129 | Lair:5   | Reached skill level 12 in Shields
 22288 | Lair:5   | Reached skill level 11 in Fighting
 22338 | Lair:5   | Reached XP level 14. HP: 116/132 MP: 19/19
 22552 | Lair:5   | Identified the +3 leather armour of the New World {Rampage
                  | rF+ Slay+3}
 22789 | D:10     | Reached ***** piety under Fedhas
 22790 | D:10     | Reached skill level 8 in Invocations
 22943 | D:11     | Noticed Grum
 22983 | D:11     | Killed Grum
 23581 | D:12     | Reached skill level 9 in Axes
 23581 | D:12     | Reached skill level 9 in Evocations
 23765 | D:12     | Identified the +0 leather armour of the Moon Troll {rC+
                  | Dex+5}
 24377 | Orc:1    | Entered Level 1 of the Orcish Mines
 24599 | Orc:1    | Noticed an orc warlord
 24649 | Orc:1    | Killed an orc warlord
 24939 | Orc:2    | Entered Level 2 of the Orcish Mines
 25154 | D:2      | Bought the +4 consecrated labrys {holy, Valiant Fragile Fly
                  | SInv} for 837 gold pieces
 25154 | D:2      | Found the +4 consecrated labrys {holy, Valiant Fragile Fly
                  | SInv}
 25363 | Orc:2    | Found Lais's Distillery.
 25897 | Orc:2    | Found a staircase to the Elven Halls.
 26858 | Orc:2    | Reached skill level 9 in Invocations
 26969 | Orc:2    | Reached skill level 13 in Shields
 27068 | Orc:2    | Found Baetievu's Jewellery Emporium.
 27068 | Orc:2    | Found Fewahuh's Distillery.
 27069 | Orc:2    | Found Fesump's Weapon Shop.
 27069 | Orc:2    | Found Jeafud's Armour Shop.
 27091 | Orc:2    | Bought the +3 scale mail "Vudiq" {rPois Str+2} for 378 gold
                  | pieces
 27129 | Orc:2    | Bought a potion of curing for 39 gold pieces
 27129 | Orc:2    | Bought a potion of curing for 39 gold pieces
 27129 | Orc:2    | Bought a potion of resistance for 130 gold pieces
 27184 | Orc:2    | Bought a potion of heal wounds for 70 gold pieces
 27250 | D:13     | Reached skill level 10 in Axes
 27754 | D:13     | Found a burning altar of Makhleb.
 27775 | D:13     | Found a gate to the Vaults.
 27797 | D:13     | Reached skill level 10 in Evocations
 27798 | D:13     | Reached XP level 15. HP: 141/141 MP: 21/21
 27855 | D:13     | You add the spells Ozocubu's Armour and Ozocubu's
                  | Refrigeration to your library.
 28014 | D:13     | Reached skill level 12 in Fighting
 28397 | D:14     | Found Vodd's Weapon Boutique.
 28466 | D:14     | Reached skill level 11 in Axes
 28698 | D:14     | You add the spells Dazzling Flash, Agony and Silence to
                  | your library.
 28855 | D:14     | You add the spells Vhi's Electric Charge, Arcjolt and
                  | Maxwell's Capacitive Coupling to your library.
 28923 | D:14     | Found Qiroekh's Armour Boutique.
 29231 | D:14     | You add the spells Sticky Flame and Ignition to your
                  | library.
 29403 | D:15     | Entered Level 15 of the Dungeon
 29442 | D:15     | Reached ****** piety under Fedhas
 29443 | D:15     | Reached skill level 12 in Axes
 29569 | D:15     | Found a snail-covered altar of Cheibriados.
 29606 | D:15     | Noticed Kirke
 29619 | D:15     | Killed Kirke
 29741 | D:15     | Noticed Nessos
 29829 | D:15     | Found a staircase to the Depths.
 30073 | D:15     | Noticed Jorgrun
 30080 | D:15     | Killed Jorgrun
 30081 | D:15     | Reached skill level 13 in Axes
 30429 | D:15     | Paralysed by an ogre mage for 3 turns
 30640 | D:15     | Killed Nessos
 30824 | D:10     | magus.rc [v1.11.6]
 30878 | Swamp:1  | Entered Level 1 of the Swamp
 31170 | Swamp:1  | Reached skill level 14 in Axes
 31170 | Swamp:1  | Reached XP level 16. HP: 145/148 MP: 22/22
 31744 | Swamp:2  | Identified a potion of experience
 31745 | Swamp:2  | Reached XP level 17. HP: 158/158 MP: 23/23
 31745 | Swamp:2  | Reached XP level 18. HP: 166/166 MP: 24/24
 31795 | Swamp:2  | magus.rc [v1.11.6]
 31846 | Swamp:2  | Reached skill level 15 in Axes
 31897 | Swamp:2  | Found a runed translucent gate.
 31898 | Swamp:2  | Found a runed translucent gate.
 31899 | Swamp:2  | Found a runed translucent gate.
 31901 | Swamp:2  | Noticed othur's ghost (adept DjCj)
 31901 | Swamp:2  | Noticed morax's ghost (adept VSFi)
 32686 | Swamp:2  | Found the +3 pair of mountain boots {steadfast, rC+}
 32706 | Swamp:2  | Killed othur's ghost
 32716 | Swamp:2  | Killed morax's ghost
 32817 | Swamp:2  | magus.rc [v1.11.6]
 32882 | Swamp:3  | You add the spells Kiss of Death and Dispel Undead to your
                  | library.
 33716 | Swamp:3  | magus.rc [v1.11.6]
 33717 | Swamp:4  | Entered Level 4 of the Swamp
 33725 | Swamp:4  | Reached skill level 13 in Fighting
 33730 | Swamp:4  | Noticed the 27-headed Lernaean hydra
 33745 | Swamp:3  | HP: 34/167 [11-headed hydra (8)]
 33901 | Swamp:4  | magus.rc [v1.11.6]
 34121 | Swamp:3  | Reached skill level 2 in Dodging
 34231 | Swamp:4  | Killed the 27-headed Lernaean hydra
 34232 | Swamp:4  | Reached skill level 10 in Invocations
 34233 | Swamp:4  | Reached skill level 8 in Armour
 34403 | Swamp:4  | Got a decaying rune of Zot
 34803 | Lair:2   | magus.rc [v1.11.6]
 34804 | Spider:1 | Entered Level 1 of the Spider Nest
 34860 | Spider:1 | Reached skill level 11 in Evocations
 34959 | Spider:1 | Reached skill level 3 in Dodging
 34992 | Spider:1 | You add the spells Freeze, Frozen Ramparts and Hailstorm to
                  | your library.
 35332 | Spider:1 | Reached skill level 14 in Shields
 36077 | Spider:2 | Reached skill level 9 in Armour
 36077 | Spider:2 | Reached XP level 19. HP: 171/176 MP: 26/26
 36480 | Spider:2 | Identified the +0 chain mail "Orching" {Int+2}
 37487 | Spider:2 | magus.rc [v1.11.6]
 37551 | Spider:3 | Reached skill level 11 in Invocations
 37873 | Spider:3 | Noticed Donald
 37885 | Spider:3 | Killed Donald
 38052 | Spider:3 | Noticed Louise
 38067 | Spider:3 | Killed Louise
 38169 | Spider:3 | Reached skill level 10 in Armour
 38477 | Spider:3 | You add the spells Summon Forest, Summon Mana Viper and
                  | Summon Cactus Giant to your library.
 38777 | Spider:3 | magus.rc [v1.11.6]
 38778 | Spider:4 | Entered Level 4 of the Spider Nest
 38809 | Spider:4 | Reached skill level 14 in Fighting
 38843 | Spider:4 | Reached skill level 16 in Axes
 39309 | Spider:4 | You add the spells Eringya's Noxious Bog and Summon Hydra
                  | to your library.
 39489 | Spider:4 | Reached skill level 15 in Shields
 40211 | Spider:3 | Reached skill level 12 in Invocations
 41329 | Spider:4 | Reached XP level 20. HP: 155/189 MP: 29/29
 41349 | Spider:4 | Found the +3 hat of Pondering {ponderous, Will+ MP+10
                  | Int+5}
 41378 | Spider:4 | Identified the +0 pair of gloves "Ebriyf" {Str+4 Slay-5}
 41382 | Spider:4 | Got a gossamer rune of Zot
 41596 | D:10     | magus.rc [v1.11.6]
 41807 | D:9      | Killed enotiy's ghost
 42277 | D:13     | Learned a level 3 spell: Swiftness
 42281 | D:13     | Learned a level 3 spell: Vhi's Electric Charge
 42284 | D:13     | Learned a level 2 spell: Lesser Beckoning
 42289 | Vaults:1 | Entered Level 1 of the Vaults
 42797 | Vaults:1 | Reached skill level 15 in Fighting
 43014 | Vaults:1 | Reached skill level 13 in Invocations
 43751 | Vaults:1 | Reached skill level 17 in Axes
 44720 | Vaults:1 | Reached skill level 1 in Translocations
 45070 | Vaults:1 | magus.rc [v1.11.6]
 45071 | Vaults:2 | You are sucked into a shaft and drop 2 floors!
 45105 | Vaults:4 | Reached skill level 1 in Air Magic
 45109 | Vaults:4 | Reached skill level 1 in Spellcasting
 45114 | Vaults:4 | Reached skill level 4 in Stealth
 45487 | Vaults:4 | Reached skill level 2 in Translocations
 45684 | Vaults:4 | Found Udwatuv's Magic Scroll Shoppe.
 46054 | Vaults:3 | Reached skill level 2 in Air Magic
 46057 | Vaults:3 | Reached skill level 2 in Spellcasting
 46643 | Vaults:2 | Reached skill level 3 in Translocations
 46668 | Vaults:1 | magus.rc [v1.11.6]
 46687 | Vaults:1 | magus.rc [v1.11.6]
 46927 | Vaults:2 | Reached skill level 4 in Dodging
 46927 | Vaults:2 | Reached XP level 21. HP: 200/200 MP: 31/31
 47099 | Vaults:2 | Reached skill level 3 in Air Magic
 47104 | Vaults:2 | Reached skill level 14 in Invocations
 47113 | Vaults:2 | Reached skill level 11 in Armour
 47470 | Vaults:2 | Found a staircase to the Crypt.
 47573 | Vaults:2 | Paralysed by a great orb of eyes for 3 turns
 47579 | Vaults:2 | Reached skill level 16 in Fighting
 47923 | Vaults:2 | magus.rc [v1.11.6]
 47963 | Vaults:3 | Reached skill level 12 in Evocations
 48198 | Vaults:3 | Noticed Xtahua
 48198 | Vaults:3 | Noticed Jory
 48212 | Vaults:3 | Killed Jory
 48214 | Vaults:3 | Killed Xtahua
 48525 | Vaults:3 | You add the spells Irradiate, Blade Hands and Dragon Form
                  | to your library.
 48536 | Vaults:3 | You add the spells Manifold Assault, Dispersal and
                  | Disjunction to your library.
 48610 | Vaults:3 | Reached skill level 12 in Armour
 48667 | Vaults:3 | HP: 48/201 [ironbound thunderhulk/bolt of lightning (16)]
 48678 | Vaults:3 | HP: 24/201 [ironbound thunderhulk/bolt of lightning (39)]
 48876 | Vaults:3 | Identified the +7 war axe of the Divine God {antimagic,
                  | rC++ Dex+2}
 48876 | Vaults:3 | Noticed Margery
 48887 | Vaults:3 | Killed Margery
 49339 | Vaults:3 | Reached skill level 15 in Invocations
 49587 | Vaults:4 | Reached skill level 13 in Evocations
 49609 | Vaults:4 | Reached skill level 13 in Armour
 50020 | Vaults:4 | You add the spell Necrotise to your library.
 50282 | Vaults:4 | Found Gozag's Antique Weapon Shop.
 50286 | Vaults:4 | Found an opulent altar of Gozag.
 50286 | Vaults:4 | Found Gozag's Antique Weapon Boutique.
 50307 | Vaults:4 | HP: 50/201 [vault warden/+2 vampiric halberd (18)]
 50487 | Vaults:4 | HP: 43/201 [yaktaur/bolt[a yaktaur captain] (8)]
 50500 | Vaults:4 | HP: 50/201 [yaktaur captain (3)]
 50766 | Vaults:4 | Found Gozag's Antique Armour Boutique.
 51291 | Elf:1    | Entered Level 1 of the Elven Halls
 51327 | Elf:1    | Reached skill level 4 in Translocations
 51358 | Elf:1    | Reached XP level 22. HP: 208/208 MP: 33/33
 51358 | Elf:1    | Noticed Aizul
 51464 | Elf:1    | Found Jexof's Firing Range.
 51470 | Elf:1    | Reached skill level 3 in Spellcasting
 51475 | Elf:1    | Killed Aizul
 51626 | Elf:1    | Reached skill level 4 in Air Magic
 51853 | Elf:1    | Paralysed by an air elemental for 1 turns
 52203 | Elf:1    | Bought a throwing net for 54 gold pieces
 52255 | Elf:1    | Found Qevuam's Antique Armour Emporium.
 52261 | Elf:1    | Bought an ichor-stained troll leather armour for 540 gold
                  | pieces
 52261 | Elf:1    | Identified the +1 troll leather armour "Ligaelinn" {+Blink
                  | rElec Regen+ Int+3} (You bought it in a shop on level 1 of
                  | the Elven Halls)
 52665 | Elf:2    | You add the spells Passage of Golubria and Lehudib's
                  | Crystal Spear to your library.
 52777 | Elf:2    | Found Ebiemoiw's Magic Scroll Shoppe.
 52785 | Elf:2    | Bought a scroll of teleportation for 48 gold pieces
 52785 | Elf:2    | Bought a scroll of magic mapping for 120 gold pieces
 52785 | Elf:2    | Bought a scroll of teleportation for 48 gold pieces
 52785 | Elf:2    | Bought a scroll of fog for 64 gold pieces
 52960 | Elf:2    | Reached skill level 5 in Translocations
 52964 | Elf:2    | Found a runed translucent gate.
 52964 | Elf:2    | Found a runed translucent gate.
 52965 | Elf:2    | Found a runed translucent gate.
 53197 | Elf:2    | magus.rc [v1.11.6]
 53198 | Elf:3    | Entered Level 3 of the Elven Halls
 53396 | Elf:3    | Paralysed by an air elemental for 1 turns
 53401 | Elf:3    | Paralysed by an air elemental for 1 turns
 53861 | Elf:3    | Found Paczesill's General Store.
 53893 | Elf:3    | Paralysed by an air elemental for 1 turns
 53909 | Elf:3    | Reached skill level 5 in Air Magic
 53993 | Elf:3    | Bought a scroll of magic mapping for 112 gold pieces
 53993 | Elf:3    | Bought a scroll of fear for 60 gold pieces
 54100 | Elf:3    | Paralysed by an air elemental for 1 turns
 54121 | Elf:3    | Reached skill level 14 in Armour
 54191 | Elf:3    | Paralysed by an air elemental for 1 turns
 54784 | Elf:3    | Paralysed by an air elemental for 1 turns
 54788 | Elf:3    | Paralysed by an air elemental for 1 turns
 54793 | Elf:3    | Paralysed by an air elemental for 1 turns
 55074 | Elf:3    | magus.rc [v1.11.6]
 55483 | Elf:3    | Identified the +1 robe of the Forsaken Teeth {Dex+3}
 55595 | Elf:3    | Identified the +6 long sword "Comoo" {drain, Int+3 Stlth+}
 55595 | Elf:3    | Identified the ring "Wisak" {rF+ rC+ SInv}
 55978 | Elf:3    | Reached skill level 6 in Translocations
 55997 | Elf:3    | Identified the +4 long sword "Bowifral" {antimagic, Drain
                  | rElec rN++ rCorr}
 56249 | Elf:3    | You add the spells Alistair's Intoxication and Conjure Ball
                  | Lightning to your library.
 56249 | Elf:3    | Got the Lessons on Rank Blasts
 56293 | Elf:3    | Identified the ring of Osysiciu {rF+ Will+}
 56296 | Elf:3    | You add the spells Poisonous Vapours and Spellforged
                  | Servitor to your library.
 56296 | Elf:3    | Got the Commentary on Bright Toxins
 56310 | Elf:3    | You add the spell Discord to your library.
 56316 | Elf:3    | Identified the staff of air "Ririphau" {Fly rElec rC- rCorr
                  | Dex-2}
 56475 | D:10     | magus.rc [v1.11.6]
 56574 | Depths:1 | Entered Level 1 of the Depths
 56607 | Depths:1 | the Enchantress comes into view. She is wielding a +6 quick
                  | blade of flaming, wearing the +2 faerie dragon scales
                  | {rElec rCorr} and wearing a +0 buckler of protection.
 56607 | Depths:1 | Noticed the Enchantress
 56625 | D:15     | Reached skill level 14 in Evocations
 56688 | D:15     | Here: the Enchantress, wielding a +6 quick blade of
                  | flaming, wearing the +2 faerie dragon scales {rElec rCorr}
                  | and wearing a +0 buckler of protection (repelling missiles)
 56688 | D:15     | Here: the Enchantress, wielding a +6 quick blade of
                  | flaming, wearing the +2 faerie dragon scales {rElec rCorr}
                  | and wearing a +0 buckler of protection (repelling missiles)
 56803 | D:15     | Aim: the Enchantress, wielding a +6 quick blade of flaming,
                  | wearing the +2 faerie dragon scales {rElec rCorr} and
                  | wearing a +0 buckler of protection (repelling missiles)
 56803 | D:15     | Aim: the Enchantress, wielding a +6 quick blade of flaming,
                  | wearing the +2 faerie dragon scales {rElec rCorr} and
                  | wearing a +0 buckler of protection (repelling missiles)
 56815 | D:15     | Killed the Enchantress
 56946 | Depths:1 | Reached skill level 16 in Invocations
 57034 | Depths:1 | You are sucked into a shaft and drop 1 floor!
 57161 | D:15     | a +0 buckler; a +0 robe; a +2 quick blade of venom {rare}
 57163 | D:15     | a +0 buckler; a +0 robe; a +2 quick blade of venom {rare}
 57177 | Depths:1 | Found a gateway to Hell.
 57264 | Depths:1 | Reached skill level 6 in Air Magic
 57517 | Depths:1 | Found Tes Nimo's Armour Shoppe.
 57523 | Depths:1 | magus.rc [v1.11.6]
 57523 | Depths:1 | Bought the +18 shield of the Gong {Loud rN+ Will+ rCorr
                  | EV-5} for 1918 gold pieces
 57523 | Depths:1 | Found the +18 shield of the Gong {Loud rN+ Will+ rCorr
                  | EV-5}
 57541 | Depths:1 | Learned a level 4 spell: Manifold Assault
 57547 | Depths:1 | Learned a level 4 spell: Passage of Golubria
 57863 | Depths:1 | Found Rivuzosh's Elemental Accessories.
 58123 | Depths:1 | Reached skill level 4 in Throwing
 58298 | Depths:1 | Found a runed translucent door.
 58701 | Depths:2 | Reached XP level 23. HP: 218/218 MP: 24/35
 58703 | Depths:2 | Reached skill level 7 in Translocations
 59038 | Depths:2 | Found a one-way gate leading to the halls of Pandemonium.
 59091 | Depths:2 | Reached skill level 17 in Fighting
 59091 | Depths:2 | Reached skill level 5 in Throwing
 59095 | Depths:2 | Reached skill level 15 in Armour
 59625 | Depths:2 | Found a one-way gateway to a ziggurat.
 59646 | Depths:2 | Found a portal to a secret trove of treasure.
 59912 | Depths:2 | This trove needs a +8 demon trident to function. Give it
                  | the item?
 60004 | Depths:3 | Reached skill level 6 in Throwing
 60656 | Depths:3 | Reached skill level 8 in Translocations
 61514 | Depths:3 | Reached skill level 4 in Spellcasting
 62035 | Depths:3 | Found a one-way gate to the infinite horrors of the Abyss.
 62036 | Depths:3 | Found Jychaun's Book Emporium.
 62043 | Depths:3 | Found Didghy Geji's Book Emporium.
 62044 | Depths:3 | Found Gaovuim's Jewellery Boutique.
 62291 | Depths:3 | magus.rc [v1.11.6]
 62322 | Depths:4 | Entered Level 4 of the Depths
 62322 | Depths:4 | Noticed a juggernaut
 62344 | Depths:4 | Killed a juggernaut
 62592 | Depths:4 | Identified the +2 falchion "Gotosieg" {heavy, rN+ rCorr}
 62812 | Depths:4 | Reached skill level 15 in Evocations
 63227 | Depths:4 | Reached skill level 9 in Translocations
 63257 | Depths:4 | Reached skill level 17 in Invocations
 63300 | Depths:4 | Found a gate to the Realm of Zot.
 64112 | Orc:2    | Bought a potion of haste for 140 gold pieces
 64112 | Orc:2    | Bought a potion of curing for 42 gold pieces
 64112 | Orc:2    | Bought a potion of might for 56 gold pieces
 64112 | Orc:2    | Bought a potion of lignification for 42 gold pieces
 64156 | Orc:2    | Bought a potion of resistance for 130 gold pieces
 64156 | Orc:2    | Bought 2 potions of berserk rage for 130 gold pieces
 64328 | Slime:1  | Entered Level 1 of the Pits of Slime
 64347 | Lair:4   | Reached skill level 5 in Spellcasting
 64609 | Slime:1  | You are sucked into a shaft and drop 1 floor!
 65010 | Slime:2  | Reached XP level 24. HP: 91/231 MP: 18/35
 65959 | Slime:4  | Reached skill level 10 in Translocations
 66349 | Slime:3  | Reached skill level 18 in Fighting
 66426 | Slime:4  | Gained mutation: You passively dampen the noise of your
                  | surroundings. [a shining eye]
 67199 | Slime:4  | magus.rc [v1.11.6]
 67202 | Slime:5  | Entered Level 5 of the Pits of Slime
 68110 | Slime:5  | magus.rc [v1.11.6]
 68830 | Slime:5  | Gained mutation: You are frail. (-10% HP) [a shining eye]
 68839 | Slime:5  | Found a viscous altar of Jiyva.
 68906 | Slime:5  | Noticed the Royal Jelly
 69156 | Slime:5  | Killed the Royal Jelly
 69314 | Slime:5  | You add the spells Leda's Liquefaction and Statue Form to
                  | your library.
 69347 | Slime:5  | Identified the staff of death "Ymoelen" {rF++ rN+ Str+2
                  | Int-4}
 69371 | Slime:5  | Acquired the +2 pair of gloves of Beyond {Int+4}
 69385 | Slime:5  | Identified the +6 chain mail of the Pirate {-Tele rN+
                  | Int+6}
 69405 | Slime:5  | You add the spell Olgreb's Toxic Radiance to your library.
 69414 | Slime:5  | Identified the +2 rapier of Certain Death {heavy, rC+
                  | Str+2}
 69419 | Slime:5  | Identified the +0 ring mail of Zin's Inspiration {rC+
                  | Int+4}
 69428 | Slime:5  | Got a slimy rune of Zot
 69469 | Slime:5  | You add the spells Animate Dead, Haunt and Infestation to
                  | your library.
 69765 | D:10     | magus.rc [v1.11.6]
 70090 | Zig:1    | Entered Level 1 of a ziggurat
 70160 | Zig:2    | Entered Level 2 of a ziggurat
 70229 | Zig:3    | Entered Level 3 of a ziggurat
 70381 | Zig:3    | Identified the +1 leather armour of Ehamuuto {rF+ rC+
                  | Str-4}
 70383 | Zig:3    | Identified the ring of Ytri {*Slow rF+ rC++ rCorr Stlth+}
 70391 | Zig:4    | Entered Level 4 of a ziggurat
 70511 | Zig:4    | Identified the +6 short sword of Good {distort, rCorr Str+2
                  | Dex-2 Stlth+}
 70515 | Zig:4    | Identified the +1 shortbow of Untimely Demise {elec, Contam
                  | Will++ Str+3 Stlth+}
 70517 | Zig:4    | You add the spells Call Imp and Mephitic Cloud to your
                  | library.
 71234 | Depths:2 | This trove needs a +8 demon trident to function. Give it
                  | the item?
 71361 | Zot:1    | Entered Level 1 of the Realm of Zot
 71707 | Zot:1    | magus.rc [v1.11.6]
 71718 | Zot:1    | Noticed a curse toe
 71936 | Zot:1    | magus.rc [v1.11.6]
 71952 | Zot:1    | Killed a curse toe
 71992 | Zot:1    | Reached skill level 16 in Armour
 72119 | Zot:1    | magus.rc [v1.11.6]
 72179 | Zot:1    | Reached skill level 11 in Translocations
 72296 | Zot:1    | Reached skill level 18 in Invocations
 72372 | Zot:1    | Reached skill level 16 in Shields
 72490 | Zot:1    | Noticed Vv
 73145 | Zot:1    | Identified the +2 chain mail of Day {rF- rN++ Str+3 Slay+5}
 73163 | Zot:1    | +0 storm dragon scales {rare}; a storm dragon corpse
 73183 | Zot:1    | a red draconian comes into view. It is wielding a +0 broad
                  | axe and wearing the amulet of the Air {Inacc Air Fly rElec
                  | RMsl}.
 73222 | Zot:1    | Noticed an electric golem
 73229 | Zot:1    | Killed an electric golem
 73694 | Zot:1    | Noticed an electric golem
 73726 | Zot:1    | Killed an electric golem
 73930 | Zot:1    | Reached skill level 7 in Air Magic
 73957 | Zot:1    | HP: 50/211 [poisoned by a green draconian monk]
 73962 | Zot:1    | HP: 49/211 [poisoned by a green draconian monk]
 74467 | Zot:1    | Noticed an electric golem
 74490 | Zot:1    | Killed an electric golem
 74597 | Zot:1    | Killed Vv
 74819 | Zot:1    | You add the spells Static Discharge and Summon Lightning
                  | Spire to your library.
 74922 | Zot:2    | Noticed an electric golem
 75031 | Zot:1    | +0 storm dragon scales {rare}; a storm dragon corpse
 75037 | Zot:1    | +0 storm dragon scales {rare}; a storm dragon corpse
 75067 | Zot:2    | Reached XP level 25. HP: 166/219 MP: 9/36
 75069 | Zot:2    | Reached skill level 12 in Translocations
 75369 | Zot:2    | magus.rc [v1.11.6]
 76696 | Zot:2    | Noticed an electric golem
 76710 | Zot:2    | Killed an electric golem
 76803 | Zot:2    | Killed an electric golem
 77092 | Zot:2    | Reached skill level 19 in Fighting
 77433 | Zot:2    | You add the spells Sandblast, Passwall and Stone Arrow to
                  | your library.
 77726 | Zot:3    | +0 shadow dragon scales {rare}; a shadow dragon corpse
 77888 | Zot:2    | magus.rc [v1.11.6]
 78335 | Zot:3    | +0 shadow dragon scales {rare}; a +0 dire flail; a shadow
                  | dragon corpse
 78603 | Zot:3    | Identified the +0 pair of gloves "Ezirer" {rElec rN+ Regen+
                  | Dex+3}
 78885 | Zot:3    | +0 shadow dragon scales {rare}; a +0 dire flail
 79824 | Zot:4    | Noticed a curse toe
 79844 | Zot:4    | Killed a curse toe
 79890 | Zot:4    | Reached skill level 19 in Invocations
 80645 | Zot:4    | +0 storm dragon scales {rare}; a storm dragon corpse
 80773 | Zot:4    | +0 storm dragon scales {rare}; a storm dragon corpse
 80836 | Zot:4    | Noticed an orb of fire
 80842 | Zot:4    | Gained mutation: You occasionally shout uncontrollably at
                  | your foes. [an orb of fire]
 80846 | Zot:4    | Gained mutation: You have hidden genetic defects. [an orb
                  | of fire]
 80850 | Zot:4    | Killed an orb of fire
 80947 | Zot:3    | Lost mutation: You occasionally shout uncontrollably at
                  | your foes. [potion of mutation]
 80947 | Zot:3    | Lost mutation: You passively dampen the noise of your
                  | surroundings. [potion of mutation]
 80947 | Zot:3    | Lost mutation: You are frail. (-10% HP) [potion of
                  | mutation]
 80947 | Zot:3    | Lost mutation: You have hidden genetic defects. [potion of
                  | mutation]
 80947 | Zot:3    | Gained mutation: You expend magic power (3 MP) to
                  | strengthen your wands. [potion of mutation]
 80947 | Zot:3    | Gained mutation: You are agile. (Dex +4, Str/Int -1)
                  | [potion of mutation]
 80947 | Zot:3    | Gained mutation: You are vulnerable to heat. (rF-) [potion
                  | of mutation]
 80947 | Zot:3    | Lost mutation: You are agile. (Dex +4, Str/Int -1) [potion
                  | of mutation]
 80947 | Zot:3    | Gained mutation: You have large cloven feet. [potion of
                  | mutation]
 80947 | Zot:3    | Gained mutation: Your spells are a little harder to cast,
                  | but a little more powerful. [potion of mutation]
 81081 | Zot:4    | Noticed an orb of fire
 81091 | Zot:4    | Gained mutation: You are dopey. (Int -2) [an orb of fire]
 81297 | Zot:4    | Killed an orb of fire
 81309 | Zot:4    | Reached skill level 13 in Translocations
 81470 | Zot:4    | Reached skill level 6 in Spellcasting
 81766 | Zot:4    | a +3 halberd; +0 storm dragon scales {rare}
 82216 | Zot:4    | You add the spell Ice Form to your library.
 82216 | Zot:4    | Got the Secrets of Liminal Freezing
 82389 | Zot:3    | +0 shadow dragon scales {rare}; a +0 dire flail
 82390 | Zot:3    | Z - +0 shadow dragon scales {rare}
 82391 | Zot:3    | You drop +0 shadow dragon scales {rare}.
 82725 | Crypt:1  | Entered Level 1 of the Crypt
 82803 | Crypt:1  | Reached skill level 16 in Evocations
 82893 | Crypt:1  | You add the spells Scorch and Flame Wave to your library.
 83339 | Crypt:1  | Identified the +4 battleaxe of Qukkar {drain, Fragile rN+
                  | Dex+4}
 83739 | Crypt:1  | Reached skill level 17 in Armour
 83858 | Crypt:1  | Reached XP level 26. HP: 253/253 MP: 21/36
 84332 | Crypt:2  | Found a magical portal.
 84378 | Crypt:2  | Reached skill level 17 in Shields
 84408 | Crypt:2  | Noticed a curse skull
 84410 | WizLab   | Entered Wucad Mu's Monastery
 84505 | WizLab   | magus.rc [v1.11.6]
 84763 | WizLab   | Found the crystal ball of Wucad Mu {*channel}
 84934 | WizLab   | Reached XP level 27. HP: 263/263 MP: 36/36
 85025 | WizLab   | magus.rc [v1.11.6]
 85031 | Crypt:2  | Killed a curse skull
 85320 | Crypt:2  | You add the spells Blink and Storm Form to your library.
 86152 | Crypt:3  | Entered Level 3 of the Crypt
 86371 | Crypt:3  | Reached skill level 14 in Translocations
 86396 | Crypt:3  | Reached skill level 20 in Fighting
 86429 | Crypt:3  | Reached skill level 20 in Invocations
 86469 | Crypt:3  | Reached skill level 18 in Armour
 86639 | Crypt:3  | Reached skill level 17 in Evocations
 86715 | Crypt:3  | Found a staircase to the Tomb.
 86821 | Crypt:3  | Identified the ring "Guim" {rN+ MP+9}
 87030 | Crypt:3  | Identified the +8 dagger of Spite {freeze, Str+2}
 87362 | Crypt:3  | Noticed a curse toe
 87370 | Crypt:3  | Killed a curse toe
 87609 | Crypt:3  | Found a basalt altar of Yredelemnul.
 87614 | Crypt:3  | Found an ancient bone altar of Kikubaaqudgha.
 87626 | Crypt:3  | Identified the +2 plate armour of Peek-a-Boo {Contam rN+
                  | Will+ Dex+3}
 87630 | Crypt:3  | You add the spells Malign Gateway and Summon Horrible
                  | Things to your library.
 87637 | Crypt:3  | You add the spells Summon Small Mammal and Apportation to
                  | your library.
 87668 | Crypt:3  | You add the spells Borgnjor's Vile Clutch, Borgnjor's
                  | Revivification and Necromutation to your library.
 87668 | Crypt:3  | Got the Codex of Profane Secrets
 87669 | Crypt:3  | Identified the ring of Redo {rPois rN+ Will- rCorr Dex+5}
 87902 | Crypt:3  | magus.rc [v1.11.6]
 88358 | Zot:5    | Entered Level 5 of the Realm of Zot
 88749 | Zot:5    | Reached skill level 19 in Armour
 88887 | Zot:5    | Identified the +4 long sword "Donkah" {spect, Fly rC- rCorr
                  | MP+9 Int+6}
 88994 | Zot:5    | +0 shadow dragon scales {rare}; a shadow dragon corpse
 88996 | Zot:5    | +0 shadow dragon scales {rare}; a shadow dragon corpse
 89386 | Zot:5    | Reached skill level 18 in Shields
 89516 | Zot:5    | Noticed an orb of fire
 89517 | Zot:5    | Noticed a dread lich
 89611 | Zot:5    | Noticed an orb of fire
 89616 | Zot:4    | Killed a dread lich
 89676 | Zot:5    | Noticed an orb of fire
 89676 | Zot:5    | Noticed an orb of fire
 89676 | Zot:5    | Noticed an orb of fire
 89677 | Zot:5    | Gained mutation: You have hidden genetic defects. [an orb
                  | of fire]
 89685 | Zot:4    | Lost mutation: Your spells are a little harder to cast, but
                  | a little more powerful. [an orb of fire]
 89687 | Zot:4    | Gained mutation: You are very dopey. (Int -4) [an orb of
                  | fire]
 89690 | Zot:4    | Gained mutation: You are clumsy. (Dex -2) [an orb of fire]
 89773 | Zot:4    | Gained mutation: You occasionally shout uncontrollably at
                  | your foes. [an orb of fire]
 89774 | Zot:4    | Killed an orb of fire
 89786 | Zot:4    | Killed an orb of fire
 89787 | Zot:4    | Lost mutation: You are clumsy. (Dex -2) [potion of
                  | mutation]
 89787 | Zot:4    | Lost mutation: You expend magic power (3 MP) to strengthen
                  | your wands. [potion of mutation]
 89787 | Zot:4    | Lost mutation: You are vulnerable to heat. (rF-) [potion of
                  | mutation]
 89787 | Zot:4    | Lost mutation: You are very dopey. (Int -4) [potion of
                  | mutation]
 89787 | Zot:4    | Gained mutation: You sometimes lose your temper in combat.
                  | [potion of mutation]
 89787 | Zot:4    | Gained mutation: You are robust. (+10% HP) [potion of
                  | mutation]
 89787 | Zot:4    | Gained mutation: Your muscles are strong. (Str +4, Int/Dex
                  | -1) [potion of mutation]
 89788 | Zot:4    | Lost mutation: You occasionally shout uncontrollably at
                  | your foes. [potion of mutation]
 89788 | Zot:4    | Lost mutation: You are robust. (+10% HP) [potion of
                  | mutation]
 89788 | Zot:4    | Lost mutation: You have large cloven feet. [potion of
                  | mutation]
 89788 | Zot:4    | Lost mutation: You sometimes lose your temper in combat.
                  | [potion of mutation]
 89788 | Zot:4    | Lost mutation: You have hidden genetic defects. [potion of
                  | mutation]
 89788 | Zot:4    | Lost mutation: Your muscles are strong. (Str +4, Int/Dex
                  | -1) [potion of mutation]
 89788 | Zot:4    | Gained mutation: Your system is resistant to poisons.
                  | (rPois) [potion of mutation]
 89788 | Zot:4    | Gained mutation: You are agile. (Dex +4, Str/Int -1)
                  | [potion of mutation]
 89788 | Zot:4    | Gained mutation: You have a pair of small horns on your
                  | head. [potion of mutation]
 89788 | Zot:4    | Gained mutation: Your spells are a little easier to cast,
                  | but a little less powerful. [potion of mutation]
 89788 | Zot:4    | Gained mutation: You have a somewhat thin skeletal
                  | structure. (Dex +2, Stealth+) [potion of mutation]
 90744 | Zot:5    | Noticed an orb of fire
 90746 | Zot:5    | Noticed a dread lich
 90763 | Zot:5    | Killed an orb of fire
 90764 | Zot:5    | Reached skill level 20 in Armour
 90765 | Zot:5    | Killed a dread lich
 90773 | Zot:5    | Gained mutation: You are weak. (Str -2) [an orb of fire]
 90775 | Zot:5    | Gained mutation: Your magical capacity is low. (-10% MP)
                  | [an orb of fire]
 90788 | Zot:4    | Gained mutation: You are vulnerable to cold. (rC-) [an orb
                  | of fire]
 90791 | Zot:4    | Lost mutation: You are dopey. (Int -2) [an orb of fire]
 90793 | Zot:4    | Killed an orb of fire
 90924 | Zot:5    | Killed an orb of fire
 90932 | Zot:5    | Killed an orb of fire
 90933 | Zot:5    | Reached skill level 21 in Invocations
 91003 | Zot:5    | Noticed a dread lich
 91008 | Zot:5    | Killed a dread lich
 91033 | Zot:5    | Reached skill level 21 in Fighting
 91052 | Zot:5    | Noticed a dread lich
 91057 | Zot:5    | Noticed an ancient lich
 91062 | Zot:5    | Killed a dread lich
 91063 | Zot:5    | Killed an ancient lich
 91237 | Zot:5    | Noticed an electric golem
 91248 | Zot:5    | Killed an electric golem
 91262 | Zot:5    | Noticed an electric golem
 91280 | Zot:5    | Killed an electric golem
 92223 | Zot:5    | Reached skill level 15 in Translocations
 92606 | Zot:5    | Lost mutation: You are weak. (Str -2) [potion of mutation]
 92606 | Zot:5    | Lost mutation: You are agile. (Dex +4, Str/Int -1) [potion
                  | of mutation]
 92606 | Zot:5    | Lost mutation: Your magical capacity is low. (-10% MP)
                  | [potion of mutation]
 92606 | Zot:5    | Lost mutation: You are vulnerable to cold. (rC-) [potion of
                  | mutation]
 92606 | Zot:5    | Gained mutation: You have an increased reservoir of magic.
                  | (+10% MP) [potion of mutation]
 92606 | Zot:5    | Gained mutation: Your body sometimes deteriorates upon
                  | taking damage. [potion of mutation]
 92606 | Zot:5    | Gained mutation: Your flesh is heat resistant. (rF+)
                  | [potion of mutation]
 92606 | Zot:5    | Gained mutation: You are agile. (Dex +4, Str/Int -1)
                  | [potion of mutation]
 92606 | Zot:5    | Gained mutation: Your muscles are strong. (Str +4, Int/Dex
                  | -1) [potion of mutation]
 93772 | D:15     | a +0 buckler of protection; a +6 quick blade of flaming
                  | {rare}; a +0 chain mail of willpower
 94068 | Vaults:5 | Entered Level 5 of the Vaults
 94357 | Vaults:5 | Reached skill level 22 in Invocations
 94520 | Vaults:5 | Reached skill level 16 in Translocations
 94544 | Vaults:5 | a frost giant comes into view. It is wielding the +8 demon
                  | trident "Rift" {distort, reach+}.
 94547 | Vaults:5 | Aim: a frost giant, wielding the +8 demon trident "Rift"
                  | {distort, reach+} (moderately wounded, constricted by
                  | roots, ally target, chance to affect: 62%)
 94547 | Vaults:5 | Aim: a frost giant, wielding the +8 demon trident "Rift"
                  | {distort, reach+} (moderately wounded, constricted by
                  | roots, ally target, chance to affect: 62%)
 94693 | Vaults:5 | Identified the ring of Dajysche Zoim {rF+ EV+5 SInv}
 94939 | Vaults:5 | You are cast into the Abyss!
 94939 | Abyss:2  | Found a corrupted altar of Lugonu.
 94939 | Abyss:2  | Cast into level 2 of the Abyss (a deep elf sorcerer)
 94940 | Abyss:2  | Found a corrupted altar of Lugonu.
 95005 | Abyss:3  | Found a corrupted altar of Lugonu.
 95032 | Abyss:3  | Found a corrupted altar of Lugonu.
 95039 | Abyss:3  | Found a corrupted altar of Lugonu.
 95156 | Abyss:4  | Found an ancient bone altar of Kikubaaqudgha.
 95245 | Abyss:4  | Found a corrupted altar of Lugonu.
 95249 | Abyss:4  | Found a transporter.
 95283 | Abyss:4  | Reached skill level 23 in Invocations
 95308 | Abyss:4  | Found a transporter.
 95348 | Abyss:4  | Noticed a dread lich
 95360 | Abyss:4  | Paralysed by a dread lich for 4 turns
 95366 | Abyss:4  | Killed a dread lich
 95381 | Abyss:4  | Found a transporter.
 95386 | Abyss:4  | Got an abyssal rune of Zot
 95449 | Vaults:5 | You pass through the gate.
 95449 | Vaults:5 | Escaped the Abyss
 95486 | Vaults:5 | Identified the amulet of the Invisible Hand {Reflect Regen+
                  | Int+3 SH+5}
 95548 | Vaults:5 | Identified +0 gold dragon scales
 95614 | Vaults:5 | +0 gold dragon scales {rare}; a golden dragon corpse
 95764 | Vaults:5 | +0 shadow dragon scales {rare}; a shadow dragon corpse
 96046 | Vaults:5 | Found Umantud's Armour Boutique.
 96055 | Vaults:5 | Reached skill level 24 in Invocations
 96161 | Vaults:5 | Bought the +0 mask of the Dragon {Will+ Slay+3 SInv} for
                  | 768 gold pieces
 96161 | Vaults:5 | Found the +0 mask of the Dragon {Will+ Slay+3 SInv}
 96510 | Vaults:5 | Identified the +0 plate armour "Cuj Vuivy" {rElec rPois rF-
                  | Will+}
 96798 | Vaults:5 | You add the spell Sting to your library.
 96798 | Vaults:5 | Got the Treatise on Effluvium and the Winter
 97215 | Vaults:5 | +0 shadow dragon scales {rare}; a shadow dragon corpse
 97420 | Vaults:5 | Identified the +7 shortbow of Calculation {freeze, rPois
                  | rN+ Dex+5}
 97436 | Vaults:5 | Got a silver rune of Zot
 97535 | Vaults:5 | You add the spells Iskenderun's Battlesphere and Iron Shot
                  | to your library.
 97665 | Vaults:5 | Identified the ring "Iffotwududd" {Fire Fly Str+2 Dex+2}
 98001 | Hell     | Entered the Vestibule of Hell
 98001 | Hell     | Noticed Geryon
 98009 | Hell     | Killed Geryon
 98144 | Hell     | Noticed Murray
 98148 | Hell     | Killed Murray
 98210 | Hell     | Reached skill level 25 in Invocations
 98574 | Hell     | +0 shadow dragon scales {rare}; a shadow dragon corpse
 98575 | Hell     | Found a gateway to the decaying netherworld of Tartarus.
 99124 | Hell     | Found a gateway to the ashen valley of Gehenna.
 99190 | Hell     | Found a gateway to the Iron City of Dis.
 99275 | Hell     | Found a gateway to the freezing wastes of Cocytus.
 99480 | Depths:2 | This trove needs a +8 demon trident to function. Give it
                  | the item?
 99480 | Depths:2 | This trove needs a +8 demon trident to function. Give it
                  | the item?
 99480 | Depths:2 | You paid a toll of a +8 demon trident to enter a treasure
                  | trove
 99481 | Trove    | Entered a treasure trove
 99490 | Trove    | Identified the amulet "Pupp" {*Corrode rC- rN++ Regen+
                  | Str+9}
 99497 | Trove    | Identified the ring "Ruaqiyla" {rC+ rN+ SInv}
 99499 | Trove    | Identified the ring "Viadoada" {Str+3 Int+6}
 99502 | Trove    | Identified the amulet of the Ban {Acrobat -Cast rCorr Dex+8
                  | Stlth+}
 99504 | Trove    | Identified the ring "Vaneppistro" {*Slow rElec rN+ Will+
                  | rCorr}
 99508 | Trove    | Identified the ring of Xisadd {Wiz Int+2 Dex+3}
 99510 | Trove    | Identified the ring "Pibb" {rPois rN+ rCorr Str-2 Dex+3}
 99512 | Trove    | Identified the ring "Reoxud" {Ice rCorr}
 99514 | Trove    | Identified the ring "Wooklei" {rC- Will+ Int+6 Dex+2}
 99545 | Depths:2 | magus.rc [v1.11.6]
 99855 | Zot:5    | Got the Orb of Zot
100050 | Depths:1 | Noticed Oxeshe the pandemonium lord
100063 | D:15     | Noticed Fedea the pandemonium lord
100063 | D:15     | a +0 buckler of protection; a +6 quick blade of flaming
                  | {rare}; a +0 chain mail of willpower
101422 | D:1      | Reached skill level 26 in Invocations
101873 | D:$      | Escaped with the Orb!

Vanquished Creatures
  the Royal Jelly (Slime:5)
  5 dread liches
  An ancient lich (Zot:5)
  5 orbs of fire
  A juggernaut (Depths:4)
  Vv (Zot:1)
  6 Killer Klowns (Zot:5)
  3 curse toes
  Margery (Vaults:3)
  the Lernaean hydra (Swamp:4)
  Xtahua (Vaults:3)
  the Enchantress (D:15)
  4 golden dragons
  A profane servitor (Crypt:3)
  Jory (Vaults:3)
  A Tzitzimitl (D:11)
  2 bone dragons
  16 tentacled monstrosities
  An Ice Fiend (D:1)
  6 electric golems
  Jorgrun (D:15)
  6 liches
  30 Orb Guardians
  9 titans
  6 quicksilver dragons
  2 deep elf blademasters (Elf:3)
  A searing wretch (Zig:1)
  2 deep elf master archers (Elf:3)
  Murray (Hell)
  The ghost of othur the Slayer, an adept DjCj of Ashenzari (Swamp:2)
  8 death cobs
  13 ancient champions
  21 acid blobs
  3 sphinxes
  An Executioner (D:1)
  Kirke (D:15)
  22 storm dragons
  4 tengu reavers
  A daeva (Abyss:4)
  4 revenants
  13 shadow dragons
  3 draconian monks
  Donald (Spider:3)
  7 fire giants
  10 azure jellies
  A demonspawn warmonger (D:1)
  10 rockslimes
  4 draconian knights
  6 emperor scorpions
  Aizul (Elf:1)
  19 vault wardens
  6 deep elf sorcerers
  11 frost giants
  9 draconian scorchers
  3 iron dragons
  5 deep elf elementalists (Elf:3)
  3 balrugs
  6 draconian shifters
  Louise (Spider:3)
  8 ghouls
  An orc warlord (Orc:1)
  8 ghost moths
  A cacodemon (D:2)
  A curse skull (Crypt:2)
  The ghost of morax the Bludgeoner, an adept VSFi of Makhleb (Swamp:2)
  4 spriggan defenders
  A caustic shrike zombie (Depths:3)
  5 draconian stormcallers
  26 ironbound preservers
  11 quicksilver oozes
  A juggernaut zombie (Depths:1)
  20 very ugly things
  5 war gargoyles
  6 reapers
  3 broodmothers
  5 ironbound thunderhulks
  A caustic shrike skeleton (D:15)
  5 stone giants
  14 vampire knights
  5 deep elf demonologists
  14 green draconians
  Nessos (D:15)
  7 black draconians
  6 eleionomae
  11 dire elephants
  4 deep elf annihilators (Elf:3)
  14 yellow draconians
  6 bunyips
  7 spark wasps
  3 lorocyprocas
  13 white draconians
  A red draconian (shapeshifter) (Vaults:5)
  9 purple draconians
  6 red draconians
  9 eidola
  7 ettins
  A blizzard demon (Hell)
  10 fire dragons
  6 deep elf death magi
  14 jiangshi
  A mummy priest (Zig:3)
  13 yaktaur captains
  3 deep elf high priests
  2 crystal guardians
  9 great orbs of eyes
  29 hydras
  13 entropy weavers
  4 rakshasas
  7 spriggan air magi
  2 radroaches
  3 ghost crabs
  4 catoblepae
  5 peacekeepers
  4 ogre magi
  32 vault guards
  4 death knights
  9 ironbound frosthearts
  18 two-headed ogres
  8 ice dragons
  5 alligators
  9 centaur warriors
  4 jorogumos
  A satyr (shapeshifter) (Vaults:5)
  8 boulder beetles
  16 dancing weapons
  4 tengu warriors
  7 death scarabs
  19 death yaks
  6 vampire magi
  9 hell hogs
  6 deep troll earth magi
  3 orc high priests (Orc:2)
  A titan zombie (Crypt:2)
  22 hell knights
  2 thrashing horrors (Abyss:4)
  9 spriggan berserkers
  A storm dragon zombie (Depths:1)
  2 soul eaters
  14 sun demons
  The ghost of enotiy the Cleaver, a novice GrFi (D:9)
  A wretched star (Abyss:4)
  A skyshark (shapeshifter) (Vaults:4)
  7 deep elf knights
  3 iron trolls
  4 pharaoh ants
  8 shadow wraiths
  2 glowing orange brains
  13 swamp dragons
  57 deep trolls
  A glowing orange brain (shapeshifter) (D:7)
  An iron troll (shapeshifter) (Vaults:3)
  9 orb spiders
  5 goliath frogs
  36 skeletal warriors
  A spectral wolf spider (Spider:4)
  2 spriggan druids
  A golden dragon skeleton (Depths:1)
  7 flayed ghosts
  2 starcursed masses (Abyss:4)
  5 orc knights
  10 lindwurms
  4 tengu zombies
  A wolf spider zombie (Spider:4)
  4 bog bodies
  17 phantasmal warriors
  11 deep elf archers
  17 ironbound convokers
  13 deep elf zephyrmancers
  25 deep elf pyromancers
  10 wizards
  A harpy (Vaults:3)
  2 shadow dragon zombies
  A frost giant zombie (Depths:1)
  15 necromancers
  7 orc sorcerers
  10 steelbarb worms
  5 will-o-the-wisps
  19 wolf spiders
  A salamander (shapeshifter) (Vaults:5)
  A tengu skeleton (Depths:3)
  2 fire giant zombies
  4 shining eyes
  39 ugly things
  4 manticores
  9 cyclopes
  30 moths of wrath
  3 draconians (Abyss:4)
  6 rust devils
  10 elephants
  A fire giant skeleton (Depths:1)
  2 stone giant skeletons
  An eleionoma skeleton (Crypt:1)
  14 demonic crawlers
  30 vault sentinels
  2 black mambas (Lair:5)
  A water nymph (shapeshifter) (Vaults:4)
  3 gargoyles
  12 smoke demons
  A torpor snail (shapeshifter) (Depths:4)
  6 eyes of devastation
  2 molten gargoyles
  An alligator snapping turtle skeleton (Crypt:1)
  12 cane toads
  A dire elephant zombie (Crypt:3)
  11 torpor snails
  2 efreet
  2 spectral redbacks (Spider:4)
  2 hellions (Hell)
  5 komodo dragons
  2 orange demons
  An unseen horror (D:11)
  3 redback zombies (Spider:4)
  32 yaktaurs
  2 tengu conjurers
  7 freezing wraiths
  3 ice devils
  A red devil (D:2)
  A tormentor (D:2)
  A spriggan skeleton (Depths:1)
  5 guardian mummies
  2 ancient zymes
  A merfolk (shapeshifter) (Vaults:5)
  A bloated husk (Swamp:1)
  3 harpy zombies
  3 trolls
  A tyrant leech (shapeshifter) (Vaults:5)
  12 hornets
  2 hellwings
  A mana viper skeleton (Crypt:1)
  7 meliai
  27 tarantellas
  A polar bear (Lair:5)
  An alligator zombie (Crypt:2)
  4 spectral jumping spiders (Spider:4)
  8 tyrant leeches
  3 ettin zombies
  8 blink frogs
  A harpy skeleton (Crypt:3)
  2 culicivora zombies (Spider:4)
  Prince Ribbit (D:7)
  A jumping spider zombie (Spider:4)
  4 large abominations (Abyss:4)
  2 tarantella zombies (Spider:4)
  3 dream sheep (Lair:2)
  2 jumping spiders (shapeshifter)
  An ice dragon skeleton (Crypt:2)
  3 flying skulls (Abyss:4)
  23 jumping spiders
  A shadow (D:10)
  127 slime creatures
  15 spriggans
  2 centaur simulacra
  7 vampires
  6 air elementals
  6 wraiths
  A culicivora (shapeshifter) (Vaults:5)
  24 culicivoras
  13 water elementals
  Grum (D:11)
  53 yaks
  3 ynoxinuls
  2 fire elementals
  3 wyverns
  A golden eye (Slime:5)
  74 redbacks
  6 basilisks
  A redback (shapeshifter) (Depths:2)
  24 vampire mosquitoes
  4 steam dragons
  A glowing shapeshifter zombie (Depths:1)
  4 wargs
  10 water moccasins
  A two-headed ogre zombie (Crypt:2)
  14 swamp worms
  An entropy weaver zombie (Crypt:1)
  A fire bat skeleton (Crypt:3)
  A human skeleton (Depths:1)
  12 swamp drakes
  A two-headed ogre skeleton (Crypt:1)
  A black bear (D:4)
  A faun skeleton (Crypt:1)
  2 glowing shapeshifter skeletons
  18 orc warriors
  A cane toad skeleton (Crypt:2)
  5 ice beasts
  8 sky beasts
  A snapping turtle zombie (Crypt:3)
  4 boggarts
  15 ogres
  16 wolves
  15 centaurs
  A rime drake zombie (Crypt:1)
  2 kobold brigands
  13 bullfrogs
  5 earth elementals
  A salamander skeleton (Crypt:2)
  2 necrophages (Crypt:1)
  A gnoll sergeant (D:7)
  4 scorpions
  A komodo dragon skeleton (Crypt:2)
  14 wights
  3 killer bees (D:8)
  A raiju zombie (Crypt:1)
  A raiju skeleton (Crypt:3)
  2 howler monkeys (D:6)
  2 jellies
  A human simulacrum (Vaults:3)
  2 hounds
  17 orc priests
  An iguana (D:4)
  Jessica (D:3)
  Terence (D:2)
  Natasha (thrice) (D:3)
  18 orc wizards
  4 lightning spires (Depths:1)
  3 hell rats (Hell)
  3 naga zombies
  An acid dragon zombie (Crypt:3)
  A deep dwarf zombie (Crypt:1)
  3 mummies (Zig:3)
  Robin (D:2)
  5 adders
  11 gnolls
  A howler monkey skeleton (Crypt:3)
  A swamp drake skeleton (Crypt:3)
  2 white imps
  2 ufetubi
  An adder zombie (Crypt:3)
  An iguana zombie (Crypt:2)
  2 worms
  5 dart slugs
  62 orcs
  5 ball pythons
  11 endoplasms
  4 giant cockroaches
  17 goblins
  9 hobgoblins
  2 jackals (D:3)
  15 kobolds
  5 quokkas
  3 training dummies (Elf:1)
  3 bats
  8 frilled lizards
  A jackal skeleton (Crypt:2)
  5 rats
  A rat skeleton (Crypt:1)
  2 ballistomycete spores
2463 creatures vanquished.

Vanquished Creatures (collateral kills)
  3 orbs of fire
  A Killer Klown (Zot:5)
  Geryon (Hell)
  A golden dragon (Zot:4)
  An electric golem (Zot:5)
  A death cob (Zot:5)
  A sphinx (Vaults:3)
  A tengu reaver (Vaults:5)
  3 storm dragons
  A rockslime (Slime:4)
  A deep elf sorcerer (Vaults:5)
  5 vault wardens
  2 frost giants
  An ironbound preserver (Vaults:4)
  3 stone giants
  An eleionoma (Zig:4)
  An ironbound thunderhulk (Vaults:3)
  A purple draconian (Zot:4)
  3 deep elf annihilators
  A yellow draconian (Zot:4)
  An orange crystal statue (WizLab)
  A green death (Hell)
  An ettin (Vaults:5)
  A deep elf high priest (Vaults:5)
  A yaktaur captain (Vaults:5)
  A crystal guardian (Vaults:3)
  3 vault guards (Vaults:5)
  A peacekeeper (Vaults:3)
  A hydra (Swamp:4)
  A hell hog (Hell)
  2 soul eaters (Hell)
  A deep elf knight (Elf:3)
  A goliath frog (Zig:4)
  2 sun demons (Hell)
  3 deep trolls
  2 flayed ghosts (Crypt:2)
  A death drake (Zig:4)
  A steelbarb worm (Spider:1)
  A necromancer (Vaults:3)
  2 deep elf pyromancers
  A wolf spider (Spider:3)
  A shining eye (Slime:2)
  A draconian (Abyss:4)
  2 moths of wrath (Zot:4)
  3 vault sentinels
  4 ice devils (Hell)
  A red devil (Hell)
  A troll (Vaults:5)
  A tyrant leech (Swamp:4)
  3 jumping spiders
  5 slime creatures
  4 redbacks
  A quasit (Abyss:4)
  2 hell rats (Hell)
  A small abomination (Abyss:4)
  4 orcs
  2 goblins (D:2)
  104 ballistomycete spores
202 creatures vanquished.

Vanquished Creatures (others)
  A titan (Vaults:5)
  A tentacled starspawn (Abyss:4)
  A death cob (Zot:4)
  2 thorn hunters (Swamp:4)
  A vault guard (Vaults:5)
  2 swamp dragons (Swamp:4)
  A spriggan druid (Swamp:2)
  2 deep elf zephyrmancers (Elf:1)
  An ugly thing (Vaults:2)
  2 deep elf pyromancers
  A moth of wrath (Zot:3)
  A vault sentinel (Vaults:1)
  A yaktaur (Vaults:1)
  A tengu conjurer (Depths:1)
  4 bloated husks
  2 tyrant leeches (Spider:4)
  4 humans (D:15)
  An orc priest (D:2)
  An orc wizard (D:8)
  An orc (D:2)
  A ball python (D:2)
  12 ballistomycete spores
  5 briar patches (Swamp:4)
  30 foxfires
  29 fungi
  67 plants
  2 starspawn tentacles (Abyss:4)
  7 withered plants
184 creatures vanquished.

Grand Total: 2849 creatures vanquished

Table legend:
 A = Non-vault XP
 B = Vault XP
 C = Vault XP percentage of total XP
 D = Non-vault monster count
 E = Vault monster count
 F = Vault count percentage of total count
                 A         B        C        D         E       F
            +---------+---------+-------+---------+---------+-------
      Total |  904969 |  723208 |  44.4 |    1729 |     805 |  31.8
            +---------+---------+-------+---------+---------+-------
        D:1 |      56 |       0 |   0.0 |      31 |       0 |   0.0
        D:2 |      52 |      88 |  62.9 |      12 |      21 |  63.6
        D:3 |     101 |      72 |  41.6 |      17 |       2 |  10.5
        D:4 |     841 |       4 |   0.5 |      33 |       2 |   5.7
        D:5 |     708 |       0 |   0.0 |      22 |       0 |   0.0
        D:6 |    3119 |       0 |   0.0 |      25 |       0 |   0.0
        D:7 |     885 |    1123 |  55.9 |      20 |       3 |  13.0
        D:8 |    1530 |      72 |   4.5 |      35 |       1 |   2.8
        D:9 |    1691 |    3901 |  69.8 |      21 |      14 |  40.0
       D:10 |    4688 |    1492 |  24.1 |      27 |      11 |  28.9
       D:11 |    3482 |     546 |  13.6 |      10 |       4 |  28.6
       D:12 |   11263 |    1156 |   9.3 |      24 |       2 |   7.7
       D:13 |    7699 |    6931 |  47.4 |      21 |      10 |  32.3
       D:14 |   11870 |       0 |   0.0 |      21 |       0 |   0.0
       D:15 |   15673 |   16720 |  51.6 |      31 |      18 |  36.7
     Lair:1 |    4405 |     823 |  15.7 |      20 |       1 |   4.8
     Lair:2 |    7841 |     724 |   8.5 |      22 |       1 |   4.3
     Lair:3 |    5367 |     308 |   5.4 |       9 |       2 |  18.2
     Lair:4 |   17158 |     405 |   2.3 |      40 |       2 |   4.8
     Lair:5 |    7754 |   11159 |  59.0 |      25 |      20 |  44.4
    Swamp:1 |    8195 |     406 |   4.7 |      18 |       3 |  14.3
    Swamp:2 |   16553 |    2710 |  14.1 |      33 |       2 |   5.7
    Swamp:3 |   12764 |    3341 |  20.7 |      22 |       4 |  15.4
    Swamp:4 |    8117 |   15370 |  65.4 |      13 |      22 |  62.9
   Spider:1 |   17575 |       0 |   0.0 |      59 |       0 |   0.0
   Spider:2 |   23202 |     260 |   1.1 |      55 |       1 |   1.8
   Spider:3 |   24033 |    2507 |   9.4 |      58 |       2 |   3.3
   Spider:4 |   21558 |   32393 |  60.0 |      50 |      67 |  57.3
    Slime:1 |    9726 |       0 |   0.0 |      21 |       0 |   0.0
    Slime:2 |   15053 |       0 |   0.0 |      39 |       0 |   0.0
    Slime:3 |   15553 |       0 |   0.0 |      17 |       0 |   0.0
    Slime:4 |   17069 |       0 |   0.0 |      41 |       0 |   0.0
    Slime:5 |   11497 |   25943 |  69.3 |      23 |      18 |  43.9
      Orc:1 |    4878 |       0 |   0.0 |      32 |       0 |   0.0
      Orc:2 |    2432 |    8286 |  77.3 |      12 |      25 |  67.6
      Elf:1 |   19528 |    6463 |  24.9 |      31 |      13 |  29.5
      Elf:2 |    9089 |    4129 |  31.2 |      14 |       5 |  26.3
      Elf:3 |   22214 |   28208 |  55.9 |      40 |      25 |  38.5
   Vaults:1 |   27707 |   25105 |  47.5 |      35 |      34 |  49.3
   Vaults:2 |   24017 |   24312 |  50.3 |      38 |      33 |  46.5
   Vaults:3 |   20938 |   41891 |  66.7 |      31 |      51 |  62.2
   Vaults:4 |   33757 |   29530 |  46.7 |      52 |      32 |  38.1
   Vaults:5 |   22402 |   97258 |  81.3 |      33 |      94 |  74.0
    Crypt:1 |   35807 |       0 |   0.0 |      53 |       0 |   0.0
    Crypt:2 |   31286 |    4140 |  11.7 |      49 |       4 |   7.5
    Crypt:3 |   26332 |   32952 |  55.6 |      36 |      35 |  49.3
   Depths:1 |   31460 |    3278 |   9.4 |      51 |      15 |  22.7
   Depths:2 |   42141 |   18759 |  30.8 |      49 |      24 |  32.9
   Depths:3 |   17053 |    2949 |  14.7 |      23 |       3 |  11.5
   Depths:4 |   29421 |   17410 |  37.2 |      29 |      16 |  35.6
       Hell |   19322 |   35462 |  64.7 |      30 |      45 |  60.0
      Zot:1 |   35602 |   31564 |  47.0 |      30 |      19 |  38.8
      Zot:2 |   36696 |   13319 |  26.6 |      33 |      12 |  26.7
      Zot:3 |   19989 |   14605 |  42.2 |      19 |      14 |  42.4
      Zot:4 |   42409 |   38166 |  47.4 |      32 |      16 |  33.3
      Zot:5 |   20549 |   97367 |  82.6 |      18 |      38 |  67.9
    Abyss:3 |     327 |       0 |   0.0 |       1 |       0 |   0.0
    Abyss:4 |   13009 |   18660 |  58.9 |      27 |      18 |  40.0
      Zig:1 |    1589 |       0 |   0.0 |       1 |       0 |   0.0
      Zig:2 |    1677 |       0 |   0.0 |       3 |       0 |   0.0
      Zig:3 |    2245 |       0 |   0.0 |       7 |       0 |   0.0
      Zig:4 |    4015 |       0 |   0.0 |       5 |       0 |   0.0
     WizLab |       0 |     941 | 100.0 |       0 |       1 | 100.0
            +---------+---------+-------+---------+---------+-------

Skill      XL: |  1  2  3  4  5  6  7  8  9 10 11 12 13 14 15 16 17 18 19 20 21 22 23 24 25 26 27 |
---------------+----------------------------------------------------------------------------------+-----
Fighting       | 1 2 3 4 5 7 8 9 10 11 12 13 14 15 16 17 18 19 21 | 21.0
Stealth        | 2 3 4 |  4.0
Armour         | 3 4 5 6 7 9 10 13 14 15 16 17 20 | 20.0
Maces & Flails | 1 2 3 4 6 7 8 |  8.0
Evocations     | 4 5 7 8 10 11 13 14 15 16 17 | 17.0
Throwing       | 1 2 3 4 6 |  6.0
Dodging        | 1 3 4 |  4.0
Shields        | 2 5 7 9 11 12 13 14 15 16 17 18 | 18.0
Axes           | 3 4 6 8 10 14 15 16 17 | 17.4
Invocations    | 4 6 7 9 10 12 13 15 16 17 18 19 26 | 26.2
Translocations | 3 4 6 9 11 13 16 | 16.0
Air Magic      | 2 3 6 7 |  7.0
Spellcasting   | 2 3 5 6 |  6.0

Action                     |  1- 3 |  4- 6 |  7- 9 | 10-12 | 13-15 | 16-18 | 19-21 | 22-24 | 25-27 || total
---------------------------+-------+-------+-------+-------+-------+-------+-------+-------+-------++-------
  Melee: Club              |    28 |       |       |       |       |       |       |       |       ||    28
         Punch             |     1 |     3 |     3 |       |       |       |       |       |       ||     7
         Whip              |    89 |   250 |       |       |       |       |       |       |       ||   339
         Tailslap          |     8 |    34 |    47 |   140 |   259 |   130 |   539 |   573 |   427 ||  2157
         Flail             |       |    40 |   338 |   900 |   903 |       |       |       |       ||  2181
         Labrys            |       |       |       |       |   279 |   557 |  2115 |  2679 |  2698 ||  8328
         Kick              |       |       |       |       |       |       |       |       |   352 ||   352
         Headbutt          |       |       |       |       |       |       |       |       |   254 ||   254
  Throw: Stone             |     3 |     3 |    26 |    40 |    56 |    21 |    76 |       |       ||   225
         Dart              |       |    10 |    24 |    14 |    62 |    46 |   149 |    27 |     2 ||   334
         Boomerang         |       |       |     3 |    10 |     1 |     8 |     3 |       |       ||    25
         Javelin           |       |       |       |       |       |       |     3 |     1 |       ||     4
         Throwing net      |       |       |       |       |       |       |       |     3 |     1 ||     4
   Cast: Manifold Assault  |       |       |       |       |       |       |       |   275 |   686 ||   961
         Vhi's Electric Ch |       |       |       |       |       |       |       |     6 |    23 ||    29
 Invoke: Grow Ballistomyce |       |       |       |       |     7 |     6 |     7 |     7 |     4 ||    31
         Grow Oklob        |       |       |       |       |       |     2 |    13 |     7 |    12 ||    34
         Wall of Briars    |       |       |       |       |       |     1 |     2 |     3 |     1 ||     7
         Overgrow          |       |       |       |       |       |       |       |       |     1 ||     1
  Evoke: Wand              |     9 |     1 |    11 |    10 |     4 |    23 |    13 |    30 |    55 ||   156
         Lightning rod     |       |       |       |    12 |    18 |     5 |    15 |    15 |     4 ||    69
         Phial of floods   |       |       |       |       |     1 |       |       |       |       ||     1
         Phantom mirror    |       |       |       |       |       |       |     1 |     1 |     1 ||     3
         Condenser vane    |       |       |       |       |       |       |     1 |       |       ||     1
         Box of beasts     |       |       |       |       |       |       |       |     2 |     3 ||     5
    Use: Scroll            |       |     6 |     2 |    17 |     8 |    10 |     8 |    16 |    25 ||    92
         Potion            |       |       |     2 |     9 |       |     3 |     9 |    10 |    28 ||    61
   Stab: Sleeping          |     5 |     1 |       |     1 |     4 |     5 |       |     3 |     3 ||    22
         Confused          |       |       |       |       |     4 |     5 |     4 |     1 |       ||    14
         Distracted        |       |       |       |       |     1 |     1 |     6 |     8 |    14 ||    30
         Betrayed ally     |       |       |       |       |       |       |       |       |     1 ||     1
         Invisible         |       |       |       |       |       |       |       |       |     4 ||     4
 Armour: Leather armour    |    45 |    18 |       |       |    66 |       |       |       |       ||   129
         Scale mail        |       |   102 |   114 |       |   167 |   381 |   399 |       |    49 ||  1212
         Steam dragon scal |       |       |    53 |   334 |   142 |       |       |       |       ||   529
         Chain mail        |       |       |       |       |       |       |   347 |   145 |   171 ||   663
         Acid dragon scale |       |       |       |       |       |       |       |   702 |   154 ||   856
         Troll leather arm |       |       |       |       |       |       |       |    18 |   118 ||   136
         Skin              |       |       |       |       |       |       |       |     4 |       ||     4
  Dodge: Dodged            |    44 |    90 |    78 |   223 |   338 |   277 |   459 |   179 |   123 ||  1811
  Block: Kite shield       |       |       |    49 |   503 |   799 |   519 |  1687 |  2199 |  1394 ||  7150
         Reflection        |       |       |       |       |       |       |    46 |    63 |    38 ||   147
         Tower shield      |       |       |       |       |       |       |       |       |   475 ||   475

Illustrated notes

Table legend:
 A = Kills in this place as a percentage of kills in the entire game.
 B = Kills by you in this place as a percentage of kills by you in the entire game.
 C = Kills by friends in this place as a percentage of kills by friends in the entire game.
 D = Other kills in this place as a percentage of other kills in the entire game.
 E = Experience gained in this place as a percentage of experience gained in the entire game.
 F = Experience gained in this place divided by the number of levels of this place that you have seen.
                   A       B       C       D       E      F
               +-------+-------+-------+-------+-------+----------------------
         Total | 100.0 | 100.0 | 100.0 | 100.0 | 100.0 | 25126.5
       Dungeon |  18.2 |  18.7 |   6.1 |  14.3 |   7.6 | 8380.5
          Lair |   5.5 |   5.8 |   0.0 |   0.0 |   3.4 | 11188.8
         Swamp |   4.6 |   4.5 |   2.0 |  19.0 |   4.1 | 16864.0
   Spider Nest |  11.4 |  11.5 |   8.2 |  14.3 |   7.3 | 30382.0
    Slime Pits |   6.2 |   6.3 |   6.1 |   0.0 |   5.7 | 18968.2
  Orcish Mines |   2.7 |   2.8 |   0.0 |   0.0 |   0.9 | 7798.0
   Elven Halls |   5.0 |   4.9 |   5.1 |  19.0 |   5.4 | 29877.0
        Vaults |  16.9 |  16.2 |  34.7 |  14.3 |  20.9 | 69383.4
         Crypt |   6.9 |   7.2 |   2.0 |   0.0 |   7.9 | 43505.7
        Depths |   8.2 |   8.5 |   0.0 |   9.5 |   9.8 | 40617.8
          Hell |   2.9 |   2.5 |  15.3 |   0.0 |   3.3 | 54784.0
           Zot |   9.1 |   8.9 |  13.3 |   4.8 |  21.1 | 70098.8
         Abyss |   1.8 |   1.7 |   3.1 |   4.8 |   1.9 | 10665.3
      Ziggurat |   0.6 |   0.5 |   3.1 |   0.0 |   0.6 | 2381.5
        Wizlab |   0.0 |   0.0 |   1.0 |   0.0 |   0.1 | 941.0
               +-------+-------+-------+-------+-------+----------------------

Table legend: (Time is in decaauts)
 A = Elapsed time spent in this place.
 B = Non-inter-level travel time spent in this place.
 C = Inter-level travel time spent in this place.
 D = Time resting spent in this place.
 E = Time spent auto-exploring this place.
 F = Levels seen in this place.
 G = Mean time per level.
                   A        B        C        D        E       F      G
               +--------+--------+--------+--------+--------+-----+--------+
         Total | 100691 |  85523 |  15168 |  21366 |  39558 |  66 | 1525.6 |
       Dungeon |  26453 |  21395 |   5058 |   5036 |  10505 |  15 | 1763.5 |
        Temple |     60 |     53 |      7 |      0 |     27 |   1 |   60.0 |
          Lair |   7915 |   6714 |   1201 |   1094 |   3531 |   5 | 1583.0 |
         Swamp |   3977 |   3539 |    438 |    379 |   2105 |   4 |  994.2 |
   Spider Nest |   6511 |   6132 |    379 |    902 |   3197 |   4 | 1627.8 |
    Slime Pits |   4846 |   4383 |    463 |   1418 |   1464 |   5 |  969.2 |
  Orcish Mines |   2797 |   2069 |    728 |    255 |   1152 |   2 | 1398.5 |
   Elven Halls |   5029 |   4652 |    377 |   1609 |   1457 |   3 | 1676.3 |
        Vaults |  12875 |  10323 |   2552 |   1759 |   4921 |   5 | 2575.0 |
         Crypt |   4515 |   4306 |    209 |    881 |   2551 |   3 | 1505.0 |
        Depths |   8135 |   6429 |   1706 |   2105 |   2486 |   4 | 2033.8 |
          Hell |   1339 |   1309 |     30 |    558 |    484 |   1 | 1339.0 |
           Zot |  14681 |  12667 |   2014 |   4802 |   5267 |   5 | 2936.2 |
         Abyss |    481 |    481 |      0 |    169 |     17 |   3 |  160.3 |
      Ziggurat |    451 |    451 |      0 |    317 |     26 |   4 |  112.8 |
         Trove |     41 |     41 |      0 |      0 |     21 |   1 |   41.0 |
        Wizlab |    578 |    578 |      0 |     80 |    345 |   1 |  578.0 |
               +--------+--------+--------+--------+--------+-----+--------+

Top non-repeatable levels by time:
   Zot:1: 3576 daAuts
Vaults:1: 3531 daAuts
   Zot:4: 3220 daAuts
   Elf:3: 3161 daAuts
Depths:2: 2947 daAuts
   Zot:5: 2926 daAuts
Vaults:5: 2843 daAuts
Vaults:4: 2708 daAuts
   Zot:2: 2648 daAuts
     D:2: 2472 daAuts
Spider:4: 2403 daAuts
    D:10: 2371 daAuts
 Slime:5: 2366 daAuts
   Zot:3: 2309 daAuts
     D:6: 2176 daAuts
